 Dungeon Crawl Stone Soup version 0.25-a0-571-gb5e01bd (webtiles) character file.

Game seed: 3877518765088369942, levelgen mode: deterministic

16914473 gameguard the Conqueror (level 27, 249/249 HPs)
             Began as a Demonspawn Skald on Feb 29, 2020.
             Was the Champion of Wu Jian.
             Escaped with the Orb
             ... and 15 runes on Mar 1, 2020!
             The game lasted 06:08:02 (91794 turns).

gameguard the Conqueror (Demonspawn Skald)         Turns: 91794, Time: 06:08:02

Health: 249/249    AC: 39    Str: 15    XL:     27
Magic:  42/42      EV: 30    Int: 22    God:    Wu Jian [******]
Gold:   8256       SH:  0    Dex: 32    Spells: 1/56 levels left

rFire    + + +     SeeInvis +   a - +7 pair of quick blades "Gyre" and "Gimble" {protect}
rCold    + . .     Gourm    .   (shield currently unavailable)
rNeg     + + +     Faith    +   G - +10 pearl dragon scales
rPois    +         Spirit   .   O - +2 helmet "Nazaoromoe" {Int+4}
rElec    +         Reflect  .   D - +2 cloak {MR+}
rCorr    .         Harm     .   V - +1 pair of gloves "Keseaps" {rElec Dex+2}
MR       +++..     Rnd*Tele +   (boots unavailable)
Stlth    ++++......             T - amulet "Avoddoh" {Faith rPois rF++ Slay+2}
HPRegen  0.51/turn              g - ring of the Marlin {rN+ Str-2 Dex+7 SInv}
MPRegen  0.28/turn              U - ring of the Omega Point {rF+ rC+ rN++}

@: deflect missiles
A: hooves 3, thin skeletal structure 3, mutation resistance 1, nightstalker 3,
sense surroundings 1, powered by death 3, teleportitis 1, wild magic 1,
augmentation 3
0: Orb of Zot
}: 15/15 runes: serpentine, barnacled, slimy, silver, golden, iron, obsidian,
icy, bone, abyssal, demonic, glowing, magical, fiery, dark
a: Wall Jump, Serpent's Lash, Heavenly Storm, Renounce Religion


You escaped.
You worshipped Wu Jian.
Wu Jian was exalted by your worship.
You were very full.

You visited 17 branches of the dungeon, and saw 88 of its levels.
You visited Pandemonium 2 times, and saw 14 of its levels.
You visited the Abyss 1 time.
You also visited: Trove, Bailey, Gauntlet, Ice Cave and Wizlab.

You collected 15448 gold pieces.
You spent 7192 gold pieces at shops.

Inventory:

Hand Weapons
 a - the +7 pair of quick blades "Gyre" and "Gimble" (weapon) {protect}
   (You found it on level 5 of the Pits of Slime)

   It grants its wielder temporary protection when it strikes (+7 to AC).
 b - the +8 autumn katana {vorpal, Clar}
   (You bought it in a shop on level 2 of the Vaults)

   It inflicts extra damage upon your enemies.
   It protects you against confusion.
 w - the +12 Vampire's Tooth {vamp}
   (You acquired it on level 1 of the Shoals)

   It inflicts no extra harm, but heals its wielder when it wounds a living foe.
Missiles
 F - 41 throwing nets (quivered) {!f}
Armour
 e - a +2 hat of magic resistance
 D - a +2 cloak of magic resistance (worn)
 G - +10 pearl dragon scales (worn)
 O - the +2 helmet "Nazaoromoe" (worn) {Int+4}
   (You found it in a Gauntlet)

   It affects your intelligence (+4).
   If you remove this armour, your AC will decrease by 4 (39 -> 35).
 V - the +1 pair of gloves "Keseaps" (worn) {rElec Dex+2}
   (You found it on level 3 of the Depths)

   It affects your dexterity (+2).
   It insulates you from electricity.
   If you remove this armour, your AC will decrease by 3 (39 -> 36).
Jewellery
 g - the ring of the Marlin (left hand) {rN+ Str-2 Dex+7 SInv}
   (You found it in a treasure trove)

   [ring of see invisible]

   It affects your strength (-2).
   It affects your dexterity (+7).
   It protects you from negative energy.
   It lets you see invisible.
 s - the ring "Put-Me-On" {MR+ Slay+2}
   (You found it in a treasure trove)

   [ring of protection from magic]

   It affects your accuracy and damage with ranged weapons and melee attacks
   (+2).
   It affects your resistance to hostile enchantments.
 S - an uncursed ring of resist corrosion
 T - the amulet "Avoddoh" (around neck) {Faith rPois rF++ Slay+2}
   (You took it off a deep elf sorcerer on level 3 of the Elven Halls)

   [amulet of faith]

   It allows you to gain divine favour quickly.
   It affects your accuracy and damage with ranged weapons and melee attacks
   (+2).
   It greatly protects you from fire.
   It protects you from poison.
 U - the ring of the Omega Point (right hand) {rF+ rC+ rN++}
   (You bought it in a shop on level 2 of the Orcish Mines)

   [ring of protection from fire]

   It protects you from fire.
   It protects you from cold.
   It greatly protects you from negative energy.
Wands
 c - a wand of paralysis (49)
 h - a wand of acid (49)
 m - a wand of iceblast (26)
 n - a wand of digging (11)
 o - a wand of scattershot (5)
 y - a wand of clouds (6)
 W - a wand of enslavement (16)
Scrolls
 i - 7 scrolls of fog
 j - a scroll of magic mapping
 k - 27 scrolls of teleportation
 l - 3 scrolls of identify
 p - 24 scrolls of remove curse
 t - 12 scrolls of fear
 C - 14 scrolls of immolation
 K - 7 scrolls of summoning
 Q - 5 scrolls of blinking
Potions
 d - 6 potions of lignification
 r - 9 potions of stabbing
 v - 8 potions of magic
 z - 4 potions of flight
 E - 16 potions of heal wounds
 H - 5 potions of berserk rage
 I - a potion of resistance
 J - 32 potions of curing
 L - 10 potions of brilliance
 P - a potion of haste
 R - 5 potions of cancellation
 X - 9 potions of might
Miscellaneous
 q - a lamp of fire
 x - a lightning rod (4/4)
 A - a figurine of a ziggurat
 B - the horn of Geryon
 M - a phial of floods
 N - 6 sacks of spiders
 Y - 9 boxes of beasts
 Z - a fan of gales
Comestibles
 f - 71 rations


   Skills:
 O Level 27 Fighting
 - Level 9.7(13.5) Short Blades
 - Level 15.1(16.0) Long Blades
 - Level 4.0 Throwing
 - Level 20.0 Armour
 - Level 21.0 Dodging
 + Level 24.9 Stealth
   Level 15.0 Shields
 - Level 15.0 Spellcasting
 - Level 15.5 Hexes
 - Level 11.5 Charms
 - Level 5.0 Summonings
 - Level 12.5 Necromancy
 - Level 9.0 Translocations
 - Level 9.0 Transmutations
 - Level 16.0 Air Magic
 - Level 10.0 Earth Magic
 - Level 15.0 Evocations


You had one spell level left.
You knew the following spells:

 Your Spells              Type           Power        Failure   Level  Hunger
b - Leda's Liquefaction   Hex/Erth       ########..   1%          4    None
d - Darkness              Hex            ########..   4%          6    #####..
f - Lesser Beckoning      Tloc           ########..   1%          3    None
g - Borgnjor's Vile Clut  Necr/Erth      ########..   4%          5    ###....
i - Sublimation of Blood  Necr           ########..   1%          2    None
k - Blink                 Tloc           N/A          1%          2    None
l - Passage of Golubria   Tloc           N/A          4%          4    None
m - Deflect Missiles      Chrm/Air       ########..   8%          6    #####..
n - Song of Slaying       Chrm           ########     1%          2    None
o - Passwall              Tmut/Erth      ########     1%          2    None
p - Swiftness             Chrm/Air       ########     1%          2    None
q - Apportation           Tloc           ######       1%          1    None
r - Summon Lightning Spi  Summ/Air       ########     2%          4    None
w - Summon Butterflies    Summ           #######.     2%          1    None
I - Invisibility          Hex            ########     4%          6    #####..
U - Silence               Hex/Air        ########..   1%          5    ###....

Your spell library contained the following spells:

 Spells                   Type           Power        Failure   Level  Hunger
 Animate Skeleton         Necr           N/A          1%          1    None
 Beastly Appendage        Tmut           ######       1%          1    None
 Corona                   Hex            #######      1%          1    None
 Infusion                 Chrm           ####         1%          1    None
 Pain                     Necr           ####         1%          1    None
 Sandblast                Erth           ######       1%          1    None
 Shock                    Conj/Air       ####         1%          1    None
 Summon Small Mammal      Summ           ####         2%          1    None
 Sting                    Tmut/Pois      ####         3%          1    None
 Foxfire                  Conj/Fire      ####         14%         1    None
 Freeze                   Ice            ####         14%         1    None
 Magic Dart               Conj           ####         14%         1    None
 Corpse Rot               Necr/Air       N/A          1%          2    None
 Ensorcelled Hibernation  Hex/Ice        ######       1%          2    None
 Poisonous Vapours        Pois/Air       ######       1%          2    None
 Shroud of Golubria       Chrm/Tloc      ######       1%          2    None
 Slow                     Hex            ########     1%          2    None
 Sticks to Snakes         Tmut           ########     1%          2    None
 Confusing Touch          Hex            ########     1%          3    None
 Gell's Gravitas          Tloc           ########..   1%          3    None
 Portal Projectile        Hex/Tloc       ######       1%          3    None
 Spectral Weapon          Hex/Chrm       ########     1%          3    None
 Teleport Other           Tloc           ########     1%          3    None
 Tukima's Dance           Hex            ########     1%          3    None
 Vampiric Draining        Necr           ########..   1%          3    None
 Airstrike                Air            ########..   1%          4    None
 Animate Dead             Necr           N/A          1%          4    None
 Cause Fear               Hex            ########..   1%          4    None
 Dispel Undead            Necr           ########     1%          4    None
 Dazzling Flash           Conj/Hex       ######       2%          3    None
 Inner Flame              Hex/Fire       #######.     2%          3    None
 Static Discharge         Conj/Air       #######.     2%          3    None
 Call Imp                 Summ           #######.     3%          2    None
 Recall                   Summ/Tloc      N/A          3%          3    None
 Petrify                  Tmut/Erth      ########     3%          4    None
 Agony                    Necr           ########     3%          5    ###....
 Excruciating Wounds      Chrm/Necr      ########..   3%          5    ###....
 Yara's Violent Unravell  Hex/Tmut       ########..   3%          5    ###....
 Ozocubu's Armour         Chrm/Ice       #######.     4%          3    None
 Mephitic Cloud           Conj/Pois/Air  #######.     5%          3    None
 Stone Arrow              Conj/Erth      ######       6%          3    None
 Fulminant Prism          Conj/Hex       #######...   6%          4    None
 Spider Form              Tmut/Pois      #######...   7%          3    None
 Lee's Rapid Deconstruct  Erth           ########..   7%          5    ###....
 Blade Hands              Tmut           ########..   10%         5    ###....
 Ignite Poison            Fire/Tmut/Pois ######..     13%         3    None
 Lightning Bolt           Conj/Air       #######...   14%         5    ###....
 Metabolic Englaciation   Hex/Ice        #######...   16%         5    ###....
 Searing Ray              Conj           #####.       21%         2    None
 Ice Form                 Ice/Tmut       #######.     21%         4    None
 Iskenderun's Mystic Bla  Conj/Tloc      #######.     21%         4    None
 Summon Forest            Summ/Tloc      #######...   21%         5    ###....
 Iskenderun's Battlesphe  Conj/Chrm      #######.     32%         5    ###....
 Conjure Flame            Conj/Fire      #####...     36%         3    None
 Frozen Ramparts          Ice            #####.       36%         3    None
 Statue Form              Tmut/Erth      ########.    36%         6    #####..
 Summon Ice Beast         Ice/Summ       ######..     41%         4    None
 Dispersal                Tloc           ########..   43%         6    #####..
 Hydra Form               Tmut           ########..   43%         6    #####..
 Alistair's Intoxication  Tmut/Pois      #######.     47%         5    ###....
 Irradiate                Conj/Tmut      #######...   47%         5    ###....
 Conjure Ball Lightning   Conj/Air       #######...   56%         6    #####..
 Bolt of Magma            Conj/Fire/Erth ######....   63%         5    ###....
 Hailstorm                Conj/Ice       #####...     75%         4    None
 Olgreb's Toxic Radiance  Pois           #####...     75%         4    None
 Sticky Flame             Conj/Fire      #####...     75%         4    None
 Simulacrum               Ice/Necr       #######...   80%         6    #####..
 Freezing Cloud           Conj/Ice/Air   #######...   90%         6    #####..
 Shadow Creatures         Summ           N/A          92%         6    #####..
 Dragon Form              Tmut           ########..   93%         7    ######.
 Eringya's Noxious Bog    Tmut/Pois      #######...   95%         6    #####..
 Haunt                    Necr/Summ      ########..   95%         7    ######.
 Fireball                 Conj/Fire      #####.....   97%         5    ###....
 Malign Gateway           Summ/Tloc      #######...   99%         7    ######.
 Borgnjor's Revivificati  Necr           ########..   99%         8    #######
 Death's Door             Chrm/Necr      ########..   99%         8    #######
 Infestation              Necr           ########..   99%         8    #######
 Ozocubu's Refrigeration  Ice            #####.....   100%        6    #####..
 Starburst                Conj/Fire      #####.....   100%        6    #####..
 Monstrous Menagerie      Summ           #######...   100%        7    ######.
 Orb of Destruction       Conj           #####.....   100%        7    ######.
 Ring of Flames           Chrm/Fire      #######...   100%        7    ######.
 Spellforged Servitor     Conj/Summ      ######....   100%        7    ######.
 Summon Greater Demon     Summ           #######...   100%        7    ######.
 Summon Hydra             Summ           #######...   100%        7    ######.
 Controlled Blink         Tloc           N/A          100%        8    #######
 Disjunction              Tloc           ########..   100%        8    #######
 Ignition                 Fire           #####.....   100%        8    #######
 Necromutation            Tmut/Necr      ########..   100%        8    #######
 Summon Horrible Things   Summ           #######...   100%        8    #######
 Dragon's Call            Summ           #######...   100%        9    #######
 Shatter                  Erth           ########..   100%        9    #######
 Tornado                  Air            ########..   100%        9    #######


Dungeon Overview and Level Annotations

Branches:
Dungeon (15/15)            Temple (0/1) D:4            Lair (6/6) D:11
 Shoals (4/4) Lair:4        Snake (4/4) Lair:3        Slime (5/5) Lair:5
    Orc (2/2) D:10            Elf (3/3) Orc:2        Vaults (5/5) D:13
  Crypt (3/3) Vaults:2       Tomb (3/3) Crypt:3      Depths (5/5) D:15
   Hell (visited)             Dis (7/7) Hell            Geh (7/7) Hell
    Coc (7/7) Hell            Tar (7/7) Hell            Zot (5/5) Depths:5
 Bailey (visited)           IceCv (visited)          WizLab (visited)
Gauntlet (visited)

Altars:
Cheibriados
Dithmenos
Fedhas
Gozag
Hepliaklqana
Kikubaaqudgha
Nemelex Xobeh
Okawaru
Ru
Sif Muna
Trog
Uskayaw
Wu Jian
Xom
Yredelemnul
Zin
The Shining One
Beogh
Jiyva
Lugonu

Shops:
D:5 *   D:7 :   D:14 (   D:15 ?}=}   Orc:2 %[([((*   Elf:2 !   Snake:2 [
Snake:4 =}=   Vaults:2 (   Vaults:4 (   Depths:2 %%*[

Portals:
Hell: Depths:1 Depths:2 Depths:3 Depths:4 Depths:5
Abyss: Depths:4 Depths:5
Pandemonium: Depths:1 Depths:3
Ziggurat: Depths:1

Annotations:
D:9 3 runed translucent doors, exclusion: 3 doors, felt's ghost, novice DDFi
Lair:2 exclusion: 2 oklob plants
Shoals:1 1 runed translucent door
Snake:4 1 runed translucent door, exclusion: door, flyingllamaman's ghost, adept FoFi
Orc:1 2 transporters, Smoke131's ghost, journeyman HOFi


Innate Abilities, Weirdness & Mutations

You have hooves in place of feet.
You have an unnaturally thin skeletal structure. (Dex +6, Stealth++)
You are completely attuned to the shadows.
You regenerate a lot of health from kills.
Your magical and physical power is greatly enhanced at high health.
You are somewhat resistant to further mutation.
You passively map a small area around you.
You are occasionally teleported next to monsters.
Your spells are a little harder to cast, but a little more powerful.


Message History

There is a stone staircase leading down here.
There is an open door here.
There is an open door here.
You see here a ring mail.
HP restored.
There is a stone staircase leading up here.
You climb upwards.
There is a stone staircase leading down here.
There is a stone staircase leading up here.
You climb upwards.
There is a stone staircase leading down here.
There is a stone staircase leading up here.
You climb upwards.
There is a stone staircase leading down here.
You see here a +0 short sword.
There is an open door here.
There is a staircase leading out of the dungeon here.
Unknown command.
Okay, then.
You have escaped!

###..###..........####...##.....#
####...#........................#
...)..............####.#####....#
..........############## #....#
.........##☼○≈≈#.#○≈○°## ##.###
.#####...#°≈°○≈#.#☼§☼○≈# ####.#
...###...#≈≈#°≈#.#○○#°≈# #....#
.........#°≈≈○≈#.#○○○°○###.####
.........#≈☼≈○☼#@#☼○≈○○##..#
#........#☼≈§☼≈#.#≈○§§≈##.##
>........#≈°☼○☼#.#○°○○☼##.#
####..)..#≈°#≈°#.#☼§#○○#..# #
#...###≈☼°○≈#.#○°☼§°#.##
####)#...##≈≈≈○#'#°≈○§##..####
#....###..######.######......##
...### #...............#####..##
...# #.......................##


There were no monsters in sight!

Vanquished Creatures
  Cerebov (Pan)
  Antaeus (Coc:7)
  Asmodeus (Geh:7)
  Dissolution (Slime:3)
  the Royal Jelly (Slime:5)
  Ereshkigal (Tar:7)
  Gloorx Vloq (Pan)
  Lom Lobon (Pan)
  Mnoleg (Pan)
  A seraph (Pan)
  the Serpent of Hell (Tar:7)
  Dispater (Dis:7)
  Khufu (Crypt:1)
  6 orbs of fire (Zot:5)
  The ghost of kazelolz the Conqueror, a legendary MiBe of Trog (Zot:5)
  16 ancient liches
  Mennas (Crypt:1)
  3 pandemonium lords
  Boris (Depths:5)
  32 greater mummies
  6 shard shrikes
  3 Killer Klowns (Zot:5)
  Saint Roka (Vaults:3)
  Geryon (Hell)
  A caustic shrike (Depths:4)
  8 golden dragons
  Jory (Vaults:3)
  A profane servitor (Crypt:3)
  8 doom hounds
  The ghost of Iqaulep the Severer, an adept BaFi of Cheibriados (Vaults:1)
  The ghost of Zeatecut the Severer, an adept BaFi of Cheibriados (Vaults:1)
  2 pearl dragons (Pan)
  4 electric golems
  8 bone dragons
  The ghost of Umoon the Peltast, an adept DsFi of Okawaru (Vaults:4)
  11 Tzitzimimeh
  5 iron giants
  13 Brimstone Fiends
  9 Ice Fiends
  11 tentacled monstrosities
  Rupert (Lair:4)
  6 Hell Sentinels (Dis:7)
  27 Orb Guardians
  Jorgrun (Shoals:3)
  4 deep elf blademasters
  3 titans (Vaults:5)
  18 acid blobs
  12 liches
  5 quicksilver dragons
  2 deep elf master archers (Elf:3)
  Murray (Hell)
  Polyphemus (Shoals:4)
  The ghost of Teseetoimucs the Severer, an adept GrMo of Makhleb (Vaults:1)
  12 sphinxes
  2 death cobs
  5 krakens
  A thorn hunter (Abyss:4)
  14 Executioners
  18 ancient champions
  4 tentacled starspawn (Abyss:4)
  12 shadow dragons
  15 storm dragons
  Agnes (Elf:2)
  7 tengu reavers
  7 revenants
  3 draconian monks
  10 fire giants
  8 deep elf sorcerers
  Ilsuiw (Shoals:2)
  Roxanne (Snake:2)
  A frost giant (shapeshifter) (Vaults:5)
  7 azure jellies
  10 daevas (Pan)
  9 iron dragons
  10 frost giants
  5 nagarajas (Snake:4)
  3 ghost moths (Zot:5)
  4 draconian knights
  24 balrugs
  2 draconian shifters
  3 draconian scorchers
  3 orc warlords
  18 vault wardens
  17 cacodemons
  2 deep elf elementalists
  9 angels
  5 juggernaut zombies
  22 ironheart preservers
  2 warmongers (Pan)
  6 ghouls
  4 curse skulls
  3 elemental wellsprings
  4 draconian annihilators
  A spriggan defender (Depths:3)
  26 very ugly things
  4 war gargoyles
  30 reapers
  2 caustic shrike skeletons (Depths:4)
  A starcursed mass (Abyss:4)
  23 stone giants
  5 entropy weavers
  15 deep elf demonologists
  16 apis (Pan)
  6 bennus (Tomb:3)
  14 ophanim (Pan)
  9 deep elf annihilators
  A lorocyproca (Pan)
  14 vampire knights
  6 green draconians
  4 spark wasps (Depths:3)
  A minotaur (Gauntlet)
  4 red draconians
  5 black draconians
  5 purple draconians
  4 white draconians
  2 yellow draconians
  9 merfolk javelineers
  An eidolon (Abyss:4)
  Snorg (D:11)
  5 blizzard demons
  12 ettins
  8 merfolk impalers
  2 deep elf high priests (Elf:3)
  9 green deaths (Pan)
  8 jiangshi
  Josephine (D:11)
  5 death oozes (Slime:5)
  2 crystal guardians
  18 fire dragons
  20 deep elf death magi
  14 great orbs of eyes
  3 quicksilver dragon zombies
  25 mummy priests
  16 yaktaur captains
  14 ice dragons
  3 kraken zombies
  Harold (D:7)
  40 vault guards
  2 ghost crabs (Tar:2)
  12 naga warriors
  12 rakshasas
  11 centaur warriors
  5 merfolk aquamancers
  3 quicksilver dragon skeletons
  8 spriggan air magi
  3 hell beasts
  3 catoblepae
  6 hydras
  Erica (Lair:2)
  5 anacondas
  6 merfolk avatars
  2 alligator snapping turtles
  8 deep troll shamans
  5 death knights
  4 satyrs
  66 two-headed ogres
  A two-headed ogre (shapeshifter) (Depths:4)
  9 death yaks
  35 death scarabs
  9 deep troll earth magi
  A queen ant (Lair:2)
  12 tengu warriors
  28 ogre magi
  8 hell hogs
  11 naga sharpshooters
  15 vampire magi
  3 thrashing horrors (Abyss:4)
  29 dancing weapons
  5 shock serpents
  3 titan zombies
  14 soul eaters
  A shock serpent (shapeshifter) (Depths:4)
  6 spriggan berserkers
  2 orc high priests
  6 small abominations
  2 spriggans
  2 storm dragon zombies
  33 deep elf knights
  2 iron golems
  29 sun demons
  20 hell knights
  15 sixfirhies
  3 wretched stars (Abyss:4)
  A fire crab (Gauntlet)
  98 skeletal warriors
  2 titan skeletons
  A golden dragon zombie (Tar:1)
  A spark wasp zombie (Depths:4)
  11 sea snakes
  5 iron trolls
  11 shadow wraiths
  9 shadow demons
  A swamp dragon (Abyss:4)
  2 unseen horrors (shapeshifter)
  13 flayed ghosts
  6 storm dragon skeletons
  10 cherubim (Pan)
  A sea snake (shapeshifter) (Vaults:5)
  6 unseen horrors
  6 naga ritualists
  7 wizards
  3 torturous demonspawn (Pan)
  A death drake (shapeshifter) (Vaults:1)
  29 deep trolls
  22 deep elf archers
  4 gelid demonspawn
  An infernal demonspawn (Pan)
  6 shadow dragon zombies
  5 anaconda zombies
  2 lindwurms
  20 ironbrand convokers
  A lindwurm (shapeshifter) (Depths:3)
  An orange crystal statue (Elf:2)
  9 glowing orange brains
  3 anaconda skeletons
  2 wolf spider zombies
  9 phantasmal warriors
  8 necromancers
  32 orc knights
  A shadow dragon skeleton (Geh:6)
  A golden dragon skeleton (Geh:7)
  A mana viper (shapeshifter) (Vaults:4)
  12 harpies
  3 meliai (Lair:4)
  5 frost giant zombies
  Pikel (D:9)
  9 stone giant zombies
  7 iron dragon zombies
  A sphinx zombie (Hell)
  A faun (shapeshifter) (Depths:4)
  5 fauns
  6 mana vipers
  2 cyclopes (shapeshifter)
  8 orc sorcerers
  7 cyclopes
  11 manticores
  A wolf spider (shapeshifter) (Vaults:5)
  6 fire giant zombies
  7 wolf spiders
  3 shining eyes
  An oklob plant (D:11)
  61 deep elf magi
  4 iron dragon skeletons
  2 salamanders
  58 ugly things
  23 large abominations
  A worldbinder (Abyss:4)
  9 merfolk sirens
  18 naga magi
  A moth of wrath (shapeshifter) (Depths:4)
  An ice statue (Hell)
  9 moths of wrath
  A salamander (shapeshifter) (Vaults:3)
  4 stone giant skeletons
  Maurice (D:10)
  3 spriggan zombies
  2 guardian serpents
  An apocalypse crab (Abyss:4)
  19 vault sentinels
  7 elephants
  Joseph (D:7)
  16 smoke demons
  3 centaur zombies
  4 dire elephant zombies
  A water nymph (shapeshifter) (Depths:3)
  8 water nymphs
  A guardian serpent (shapeshifter) (Vaults:3)
  Maggie (D:7)
  15 rust devils
  25 black mambas
  4 fire giant skeletons
  6 molten gargoyles (Geh:7)
  4 gargoyles
  A spriggan skeleton (Depths:3)
  2 minotaur zombies
  2 frost giant skeletons
  7 orange demons
  A torpor snail (Lair:6)
  2 catoblepas zombies
  6 komodo dragons
  8 spiny frogs
  A yaktaur (shapeshifter) (Vaults:2)
  47 yaktaurs
  A spiny frog (shapeshifter) (Depths:3)
  4 rime drakes
  2 dire elephant skeletons
  22 hellions
  2 kobold demonologists
  A yaktaur zombie (Hell)
  A yellow draconian zombie (Crypt:1)
  A komodo dragon (shapeshifter) (Depths:4)
  3 efreet
  22 tormentors
  27 ice devils
  An anaconda simulacrum (IceCv)
  21 freezing wraiths
  2 silent spectres
  10 hellwings
  2 demonic crawlers
  44 guardian mummies
  2 yaktaur skeletons (Vaults:3)
  An ancient zyme (Abyss:4)
  A troll (shapeshifter) (Vaults:4)
  35 merfolk
  4 hydra zombies
  5 tengu conjurers
  2 harpy zombies
  2 shadow dragon simulacra (Crypt:1)
  A queen bee (Lair:4)
  27 red devils
  9 trolls
  2 bog bodies (Crypt:1)
  A wind drake (shapeshifter) (Vaults:4)
  2 wind drakes (Shoals:4)
  2 jumping spiders (shapeshifter)
  2 hornets
  11 raiju
  6 ettin zombies
  A slime creature (shapeshifter) (Vaults:2)
  21 dream sheep
  4 alligator zombies
  13 blink frogs
  2 fire giant simulacra
  13 snapping turtles
  48 slime creatures
  12 hippogriffs
  7 hydra skeletons
  4 ice dragon zombies
  5 fire dragon zombies
  An iron dragon simulacrum (Crypt:3)
  88 flying skulls
  A dream sheep (shapeshifter) (Depths:5)
  5 fire dragon skeletons
  An ettin skeleton (Geh:7)
  3 ice dragon skeletons
  3 alligator skeletons
  2 dire elephant simulacra (IceCv)
  33 shadows
  21 ushabtiu
  A redback (Vaults:2)
  A tarantella (shapeshifter) (D:15)
  3 centaur simulacra
  An air elemental (Elf:3)
  A human (D:7)
  34 wraiths
  Eustachio (D:4)
  A yak (shapeshifter) (Vaults:3)
  36 yaks
  7 vampires
  2 steam dragons (Lair:2)
  5 ynoxinuls
  A satyr skeleton (Crypt:3)
  6 fire bats (Gauntlet)
  20 water elementals
  7 wyverns
  2 hungry ghosts
  5 basilisks
  A fire bat (shapeshifter) (Elf:3)
  16 fire elementals
  4 hogs (D:7)
  2 humans (shapeshifter)
  A golden eye (shapeshifter) (Vaults:2)
  4 vampire mosquitoes (D:13)
  A basilisk (shapeshifter) (Depths:1)
  14 neqoxecs
  7 chaos spawn
  3 harpy simulacra
  An acid dragon (Vaults:2)
  Edmund (D:5)
  A soldier ant (shapeshifter) (Vaults:1)
  2 spatial vortices (Abyss:4)
  27 wargs
  3 hydra simulacra
  3 two-headed ogre zombies (WizLab)
  58 nagas
  2 glowing shapeshifter zombies (Crypt:3)
  4 spiny frog zombies
  16 water moccasins
  5 iron troll simulacra (IceCv)
  5 soldier ants (Lair:2)
  Duvessa (D:5)
  An infernal demonspawn skeleton (Crypt:3)
  A spiny frog skeleton (Tar:4)
  37 hell hounds
  A deep troll skeleton (Crypt:3)
  9 ice beasts
  9 porcupines
  An eye of draining (shapeshifter) (Depths:5)
  2 floating eyes (Depths:5)
  83 orc warriors
  3 sky beasts
  A slave (D:9)
  3 black bears
  2 hornet zombies
  3 manticore zombies
  16 wolves
  6 phantoms
  5 snapping turtle zombies
  An ettin simulacrum (IceCv)
  An alligator simulacrum (IceCv)
  55 ogres
  A blink frog zombie (Crypt:2)
  14 necrophages
  A swamp dragon zombie (Dis:5)
  3 eyes of draining
  14 boggarts
  4 snapping turtle skeletons
  28 centaurs
  3 human skeletons
  A swamp dragon skeleton (Crypt:1)
  12 crocodiles
  An elephant skeleton (Crypt:2)
  A manticore skeleton (Geh:6)
  4 big kobolds
  2 elf zombies
  Blork the orc (D:6)
  18 bullfrogs
  A hippogriff skeleton (Crypt:1)
  An elf skeleton (Geh:3)
  A gnoll sergeant (D:8)
  A spiny frog simulacrum (Coc:1)
  An ogre simulacrum (Vaults:1)
  Dowan (D:4)
  2 earth elementals (Elf:1)
  A scorpion (shapeshifter) (D:15)
  8 troll zombies
  3 scorpions
  A polar bear zombie (Crypt:2)
  An elephant simulacrum (IceCv)
  41 wights
  49 killer bees
  2 human simulacra
  9 howler monkeys
  12 electric eels
  25 crimson imps
  A bullfrog zombie (D:11)
  2 draconian simulacra (IceCv)
  5 hounds
  3 quasits
  2 basilisk zombies
  2 centaur skeletons
  5 human zombies
  5 jellies
  18 iron imps
  29 orc priests
  21 orc wizards
  A bullfrog skeleton (D:4)
  A gnoll shaman (D:6)
  A porcupine zombie (Crypt:3)
  2 iguanas
  5 troll simulacra (IceCv)
  35 worker ants
  A wolf simulacrum (IceCv)
  6 ogre zombies
  A deep dwarf skeleton (Crypt:2)
  A tengu skeleton (Tomb:2)
  A naga skeleton (Tomb:2)
  A hound skeleton (D:8)
  35 mummies
  A howler monkey zombie (D:7)
  12 gnolls
  25 adders
  A howler monkey skeleton (D:6)
  A swamp drake zombie (Crypt:1)
  2 naga simulacra (IceCv)
  13 shadow imps
  12 white imps
  6 ufetubi
  A worm zombie (Crypt:2)
  A lava snake zombie (Crypt:3)
  2 adder skeletons
  5 worms
  A dart slug (D:1)
  6 leopard geckos
  196 orcs
  5 bats
  3 giant cockroaches
  12 goblins
  8 hobgoblins
  11 jackals
  32 kobolds
  A quokka (D:10)
  A quokka (shapeshifter) (Depths:4)
  2 ball pythons
  A dart slug zombie (Crypt:2)
  7 frilled lizards
  A giant cockroach zombie (D:5)
  A hobgoblin skeleton (Crypt:2)
  A jackal skeleton (D:6)
  A leopard gecko zombie (D:9)
  2 orc zombies
  A quokka skeleton (D:4)
  8 rats
  A river rat skeleton (Crypt:1)
  A lurking horror (Abyss:4)
  3 plants (D:11)
  A starspawn tentacle (Abyss:4)
  15 tentacles
  2 withered plants (Crypt:3)
4248 creatures vanquished.

Vanquished Creatures (collateral kills)
  A death yak (Lair:4)
  2 ice devils (IceCv)
  A shadow (Gauntlet)
  2 neqoxecs (Pan)
  A fungus (Lair:4)
7 creatures vanquished.

Vanquished Creatures (others)
  A death cob (Zot:5)
  An ancient champion (Dis:7)
  4 eldritch tentacles
  A sun demon (Zot:5)
  A deep elf mage (Vaults:3)
  A manticore (Lair:6)
  2 golden dragon simulacra (IceCv)
  A large abomination (Abyss:4)
  2 wraiths
  A ynoxinul (Pan)
  A fire elemental (Geh:6)
  A neqoxec (Pan)
  A hell hound (Dis:7)
  A killer bee (Lair:2)
  An iron imp (Dis:7)
  An orc wizard (Orc:1)
  2 orcs
  A kobold (D:13)
  A briar patch (Abyss:4)
  A bush (Lair:6)
  A crawling corpse (Elf:1)
  12 fungi
  24 plants
  2 starspawn tentacles (Abyss:4)
  62 tentacles
127 creatures vanquished.

Grand Total: 4382 creatures vanquished

Notes
Turn   | Place    | Note
-------+----------+-------------------------------------------
     0 | D:1      | gameguard the Demonspawn Skald began the quest for the Orb.
     0 | D:1      | Reached XP level 1. HP: 16/16 MP: 3/3
   406 | D:1      | Gained mutation: You have large cloven feet. [demonic
                  | ancestry]
   406 | D:1      | Reached XP level 2. HP: 19/23 MP: 0/5
   552 | D:1      | Learned a level 2 spell: Shroud of Golubria
  1213 | D:2      | Noticed a +0 dagger
  1218 | D:2      | Found a hide-covered altar of Uskayaw.
  1218 | D:2      | Noticed a +0 dagger
  1268 | D:2      | Gained mutation: You are slightly more attuned to the
                  | shadows. [demonic ancestry]
  1268 | D:2      | Reached XP level 3. HP: 25/28 MP: 6/6
  1847 | D:2      | Reached skill level 3 in Fighting
  1893 | D:2      | Found a sacrificial altar of Ru.
  2063 | D:2      | Reached skill level 1 in Stealth
  2086 | D:2      | Found a snail-covered altar of Cheibriados.
  2198 | D:2      | Learned a level 3 spell: Spectral Weapon
  2267 | D:3      | Reached XP level 4. HP: 35/35 MP: 1/7
  2863 | D:3      | Found an ornate altar of the Wu Jian Council.
  2863 | D:3      | Found a basalt altar of Yredelemnul.
  2874 | D:3      | Became a worshipper of the Wu Jian Council
  3319 | D:4      | Found an iron altar of Okawaru.
  3369 | D:4      | Reached XP level 5. HP: 35/41 MP: 3/8
  3608 | D:4      | Reached skill level 4 in Fighting
  3819 | D:4      | Reached XP level 6. HP: 48/48 MP: 5/9
  4621 | D:4      | Found a staircase to the Ecumenical Temple.
  4709 | D:4      | Noticed an ice beast
  4715 | D:4      | Killed an ice beast
  4715 | D:4      | Reached skill level 1 in Evocations
  4715 | D:4      | Gained mutation: You are significantly more attuned to the
                  | shadows. [demonic ancestry]
  4715 | D:4      | Reached XP level 7. HP: 55/55 MP: 10/10
  4766 | D:4      | Found a shimmering blue altar of Sif Muna.
  4809 | D:5      | Entered Level 5 of the Dungeon
  4809 | D:5      | Noticed Duvessa
  4813 | D:5      | Noticed Dowan
  4827 | D:5      | Killed Duvessa
  4830 | D:5      | Noticed Eustachio
  4841 | D:4      | Killed Dowan
  4841 | D:4      | Reached skill level 5 in Fighting
  5190 | D:4      | Killed Eustachio
  5283 | D:5      | Reached * piety under Wu Jian
  5293 | D:5      | Found Byrou's Mass Market.
  5293 | D:5      | Noticed Edmund
  5312 | D:5      | Gained mutation: You regenerate a little health from kills.
                  | [demonic ancestry]
  5312 | D:5      | Reached XP level 8. HP: 63/63 MP: 8/11
  5652 | D:5      | Reached skill level 5 in Short Blades
  6573 | D:5      | Found a blossoming altar of Fedhas.
  7131 | D:6      | Reached skill level 1 in Armour
  7238 | D:5      | Killed Edmund
  7238 | D:5      | Reached skill level 6 in Fighting
  7238 | D:5      | Reached skill level 5 in Stealth
  7330 | D:5      | Found a blossoming altar of Fedhas.
  7448 | D:5      | Found Byrou's Mass Market.
  8106 | D:6      | Noticed Blork the orc
  8110 | D:6      | Killed Blork the orc
  9393 | D:6      | Found an opulent altar of Gozag.
  9394 | D:6      | Found a sparkling altar of Nemelex Xobeh.
  9728 | D:6      | Reached XP level 9. HP: 23/69 MP: 7/12
 10320 | D:6      | Reached skill level 5 in Evocations
 10614 | D:7      | Found Raprutul's Book Shoppe.
 10683 | D:7      | Noticed Maggie
 10742 | D:7      | Reached skill level 1 in Hexes
 10998 | D:7      | Found a glowing golden altar of the Shining One.
 11081 | D:7      | Noticed Joseph
 11231 | D:7      | Killed Maggie
 11320 | D:7      | Killed Joseph
 11320 | D:7      | Reached ** piety under Wu Jian
 11320 | D:7      | Reached skill level 7 in Fighting
 11638 | D:7      | Noticed Harold
 11849 | D:7      | Reached XP level 10. HP: 54/79 MP: 13/13
 12047 | D:8      | Found a shadowy altar of Dithmenos.
 12566 | D:8      | Got an obsidian-encrusted chain mail
 12588 | D:8      | Found a hazy altar of Hepliaklqana.
 12665 | D:8      | Identified the +5 chain mail of the Lily {rPois MR+++ Str-2
                  | Dex+4} (You found it on level 8 of the Dungeon)
 12773 | D:8      | Noticed a gargoyle
 13868 | D:9      | Found a glowing silver altar of Zin.
 13978 | D:9      | Found a runed translucent gate.
 13979 | D:9      | Found a runed translucent gate.
 14007 | D:9      | Reached *** piety under Wu Jian
 14007 | D:9      | Reached skill level 8 in Fighting
 14288 | D:9      | Found a runed translucent gate.
 14312 | D:9      | Identified a scroll of acquirement
 14603 | D:9      | Noticed Pikel
 14626 | D:9      | Killed Pikel
 14773 | D:9      | Noticed felt's ghost (novice DDFi)
 14848 | D:8      | Killed a gargoyle
 14892 | D:8      | Noticed a moth of wrath
 14895 | D:8      | Found a bloodstained altar of Trog.
 15203 | D:8      | Noticed a red ugly thing
 15233 | D:8      | Noticed a two-headed ogre
 15605 | D:8      | Killed a two-headed ogre
 15605 | D:8      | Gained mutation: You regenerate health from kills. [demonic
                  | ancestry]
 15605 | D:8      | Reached XP level 11. HP: 76/87 MP: 15/15
 15902 | D:8      | Killed a red ugly thing
 16094 | D:7      | Killed Harold
 16171 | D:7      | Reached skill level 9 in Fighting
 16291 | D:10     | Entered Level 10 of the Dungeon
 16452 | D:10     | Noticed Maurice
 16456 | D:10     | Killed Maurice
 16456 | D:10     | Reached skill level 5 in Armour
 16485 | D:10     | Noticed a two-headed ogre
 16489 | D:10     | Killed a two-headed ogre
 16643 | D:10     | Reached **** piety under Wu Jian
 17174 | D:10     | Found a roughly hewn altar of Beogh.
 17279 | D:10     | Killed an unseen horror
 17549 | D:10     | Found a staircase to the Orcish Mines.
 18321 | D:10     | Noticed a two-headed ogre
 18350 | D:10     | Killed a two-headed ogre
 18350 | D:10     | Reached ***** piety under Wu Jian
 18350 | D:10     | Reached skill level 10 in Fighting
 18443 | D:11     | Found a staircase to the Lair.
 18444 | D:11     | Noticed an oklob plant
 18447 | D:11     | Killed an oklob plant
 18561 | D:11     | Noticed Josephine
 18586 | D:11     | Killed Josephine
 18586 | D:11     | Reached XP level 12. HP: 64/98 MP: 16/16
 18748 | D:11     | Noticed a two-headed ogre
 19354 | D:11     | Killed a two-headed ogre
 19490 | D:11     | Noticed Snorg
 19935 | D:11     | Killed Snorg
 20225 | Lair:1   | Entered Level 1 of the Lair of Beasts
 20339 | Lair:1   | Found a gate leading to a gauntlet.
 20346 | Gauntlet | Entered a Gauntlet
 20355 | Gauntlet | Found a transporter.
 20355 | Gauntlet | Found a transporter.
 20369 | Gauntlet | Found a transporter.
 20405 | Gauntlet | Found a transporter.
 20419 | Gauntlet | Found a transporter.
 20446 | Gauntlet | Found a transporter.
 20472 | Gauntlet | Found a transporter.
 20486 | Gauntlet | Found a transporter.
 20508 | Gauntlet | Found a transporter.
 20521 | Gauntlet | Found a transporter.
 20524 | Gauntlet | Found a transporter.
 20622 | Gauntlet | Got a pair of brightly glowing gloves
 20640 | Gauntlet | Identified the cursed +0 pair of gloves of the Devil's Team
                  | {rElec rC- Int+2} (You found it in a Gauntlet)
 20753 | Gauntlet | Reached skill level 11 in Fighting
 20827 | Gauntlet | Got an encrusted helmet
 20834 | Gauntlet | Identified the +2 helmet "Nazaoromoe" {Int+4} (You found it
                  | in a Gauntlet)
 20934 | Gauntlet | Identified the +4 fire dragon scales of Hysteria {rPois
                  | rF++ rC- Str+5}
 20934 | Gauntlet | Identified the +5 kite shield of the Suburbs {rF+ Str+3
                  | Dex-5}
 20934 | Gauntlet | Noticed a minotaur
 20963 | Gauntlet | Killed a minotaur
 20986 | Gauntlet | Upgraded the game from 0.25-a0-566-g062765b to
                  | 0.25-a0-571-gb5e01bd
 21006 | Gauntlet | Identified the Disquisition on Flight
 21259 | Lair:1   | Reached skill level 1 in Shields
 21372 | Lair:1   | Reached skill level 1 in Long Blades
 21389 | Lair:1   | You fall into a shaft and drop 1 floor!
 21922 | Lair:1   | Gained mutation: You regenerate a lot of health from kills.
                  | [demonic ancestry]
 21922 | Lair:1   | Reached XP level 13. HP: 94/106 MP: 18/18
 22884 | Lair:2   | Reached skill level 10 in Stealth
 23037 | Lair:2   | Noticed Erica
 23041 | Lair:2   | Killed Erica
 23069 | Lair:2   | Reached skill level 5 in Dodging
 23758 | Lair:2   | Learned a level 3 spell: Confusing Touch
 23916 | Lair:3   | Reached skill level 12 in Fighting
 23925 | Lair:3   | Reached skill level 5 in Long Blades
 24295 | Lair:3   | Found a staircase to the Snake Pit.
 24358 | Lair:3   | Reached ****** piety under Wu Jian
 25321 | Lair:4   | Found a staircase to the Shoals.
 25636 | Lair:4   | Reached skill level 5 in Shields
 25839 | Lair:4   | Noticed Rupert
 26321 | Lair:4   | Killed Rupert
 26321 | Lair:4   | Reached XP level 14. HP: 99/116 MP: 19/19
 26670 | Lair:5   | Found a runed translucent door.
 26673 | Lair:5   | Found a viscous altar of Jiyva.
 26673 | Lair:5   | Found a staircase to the Slime Pits.
 26673 | Lair:5   | Noticed an acid blob
 27497 | Lair:6   | Entered Level 6 of the Lair of Beasts
 28196 | Lair:6   | Reached skill level 13 in Fighting
 29462 | Orc:1    | Entered Level 1 of the Orcish Mines
 29631 | Orc:1    | Noticed Sonja
 29632 | Orc:1    | Reached skill level 10 in Long Blades
 29639 | Orc:1    | Noticed Sonja
 29639 | Orc:1    | Sonja changed into Sonja the yak
 29647 | Orc:1    | Killed Sonja the yak
 29725 | Orc:1    | Noticed an orc warlord
 29743 | Orc:1    | Killed an orc warlord
 29878 | Orc:1    | Noticed Smoke131's ghost (journeyman HOFi)
 30049 | Orc:1    | Found a transporter.
 30127 | Orc:1    | Found a transporter.
 30258 | Orc:2    | Entered Level 2 of the Orcish Mines
 30258 | Orc:2    | Found Pahofyda's Antique Weapon Shoppe.
 30358 | Orc:2    | Found Sayh's Weapon Shoppe.
 30413 | Orc:2    | Found Ocetuije's Assorted Antiques.
 30440 | Orc:2    | Bought a vibrating amber ring for 115 gold pieces
 30440 | Orc:2    | Bought a wand of acid (5) for 184 gold pieces
 30440 | Orc:2    | Bought a scroll labeled VEEVIOPAITT for 23 gold pieces
 30443 | Orc:2    | Identified the ring of the Omega Point {rF+ rC+ rN++} (You
                  | bought it in a shop on level 2 of the Orcish Mines)
 30523 | Orc:2    | Found Siparo's Armour Shop.
 30540 | Orc:2    | Gained mutation: You have hoof-like feet. [demonic
                  | ancestry]
 30540 | Orc:2    | Reached XP level 15. HP: 93/124 MP: 20/20
 30672 | Orc:2    | Found Oshrelam's Weapon Shoppe.
 30811 | Orc:2    | Found a roughly hewn altar of Beogh.
 31040 | Orc:2    | Found a staircase to the Elven Halls.
 31145 | Orc:2    | Found Xonupil's Food Shop.
 31145 | Orc:2    | Found Etoaph's Armour Shoppe.
 31275 | Orc:2    | Bought a +0 cloak of invisibility for 138 gold pieces
 31363 | Orc:2    | Bought a dented emerald amulet for 115 gold pieces
 31780 | D:12     | Found a flagged portal.
 31904 | Bailey   | Entered a bailey
 31916 | Bailey   | Noticed an orc warlord
 32037 | Bailey   | Found a runed translucent gate.
 32037 | Bailey   | Found a runed translucent gate.
 32038 | Bailey   | Found a runed translucent gate.
 32183 | Bailey   | Killed an orc warlord
 32230 | Bailey   | Got a translucent dagger
 32306 | D:12     | Identified the +0 pair of boots of Acorchoch {+Inv rPois
                  | rF+ Str+3} (You acquired it on level 12 of the Dungeon)
 32730 | D:12     | Reached skill level 14 in Fighting
 34105 | D:13     | Found a gate to the Vaults.
 34888 | D:14     | Found Juossoc's Antique Weapon Boutique.
 35526 | D:15     | Entered Level 15 of the Dungeon
 35617 | D:15     | Found a staircase to the Depths.
 35626 | D:15     | Reached skill level 15 in Fighting
 35648 | D:15     | Gained mutation: You are completely attuned to the shadows.
                  | [demonic ancestry]
 35648 | D:15     | Reached XP level 16. HP: 136/136 MP: 21/21
 35868 | D:15     | Found Mopn's Jewellery Boutique.
 36100 | D:15     | Found Xessuteps's Gadget Boutique.
 36105 | D:15     | Bought a lamp of fire for 640 gold pieces
 36105 | D:15     | Bought a wand of iceblast (9) for 208 gold pieces
 36331 | D:15     | Found Sasea's Gadget Shop.
 36338 | D:15     | Bought a wand of scattershot (5) for 459 gold pieces
 36754 | D:15     | Found Mewiloef's Magic Scroll Boutique.
 36771 | D:15     | Bought a scroll of blinking for 90 gold pieces
 36771 | D:15     | Bought a scroll of acquirement for 624 gold pieces
 36771 | D:15     | Identified the +1 buckler of Latinwolu {rCorr} (You
                  | acquired it on level 15 of the Dungeon)
 36944 | Snake:1  | Entered Level 1 of the Snake Pit
 39047 | Snake:2  | Identified Roxanne's Volume of Moulding
 39047 | Snake:2  | Noticed Roxanne
 39149 | Snake:2  | Found Myl Raleofe's Armour Boutique.
 39340 | Snake:2  | Reached skill level 10 in Shields
 39900 | Snake:2  | HP: 5/138 [Roxanne/iron shot (52)]
 40340 | Snake:2  | Killed Roxanne
 40613 | Snake:3  | Reached skill level 16 in Fighting
 40761 | Snake:3  | Got a pair of jewelled boots
 41327 | Snake:3  | Identified the cursed -5 pair of boots of Momour {MR++}
                  | (You found it on level 3 of the Snake Pit)
 41550 | Snake:4  | Entered Level 4 of the Snake Pit
 41580 | Snake:4  | Found a frozen archway.
 41600 | IceCv    | Entered an ice cave
 41682 | IceCv    | Got a smoking chain mail
 41699 | IceCv    | Identified the +1 chain mail of Words of Power {Dex+7} (You
                  | found it in an ice cave)
 42307 | IceCv    | Noticed an Ice Fiend
 42325 | IceCv    | Killed an Ice Fiend
 42325 | IceCv    | Gained mutation: You have hooves in place of feet. [demonic
                  | ancestry]
 42325 | IceCv    | Reached XP level 17. HP: 144/144 MP: 23/23
 43253 | Snake:4  | Found a runed translucent door.
 43254 | Snake:4  | Found a shimmering altar of Xom.
 43254 | Snake:4  | Noticed flyingllamaman's ghost (adept FoFi)
 43463 | Snake:4  | Reached skill level 17 in Fighting
 43652 | Snake:4  | Found Oguqosee's Jewellery Shoppe.
 43652 | Snake:4  | Found Ugoonaoh's Jewellery Shoppe.
 43653 | Snake:4  | Found Xures's Gadget Shop.
 43660 | Snake:4  | Bought a wand of paralysis (6) for 128 gold pieces
 43666 | Snake:4  | Bought a wand of clouds (6) for 480 gold pieces
 43969 | Snake:4  | Got a serpentine rune of Zot
 44185 | Shoals:1 | Entered Level 1 of the Shoals
 44897 | Shoals:1 | Found a runed translucent door.
 45163 | Shoals:1 | Identified the ring "Omubraiz" {+Blink Slay+3} (You
                  | acquired it on level 1 of the Shoals)
 45164 | Shoals:1 | Found the +12 Vampire's Tooth {vamp}
 45459 | Shoals:1 | Reached skill level 15 in Long Blades
 45748 | Shoals:2 | Noticed Ilsuiw
 45767 | Shoals:2 | Killed Ilsuiw
 45874 | Shoals:2 | Noticed a kraken
 45917 | Shoals:2 | Killed a kraken
 45925 | Shoals:2 | Noticed a kraken
 45955 | Shoals:2 | Killed a kraken
 45972 | Shoals:2 | Noticed a kraken
 46008 | Shoals:2 | Killed a kraken
 46020 | Shoals:2 | Noticed a kraken
 46052 | Shoals:2 | Killed a kraken
 46510 | Shoals:2 | Gained mutation: You have a somewhat thin skeletal
                  | structure. (Dex +2, Stealth) [demonic ancestry]
 46510 | Shoals:2 | Reached XP level 18. HP: 155/155 MP: 24/24
 47080 | Shoals:3 | Noticed Jorgrun
 47082 | Shoals:3 | Killed Jorgrun
 47430 | Shoals:3 | Reached skill level 18 in Fighting
 47462 | Shoals:3 | Found the amulet of the Four Winds {rN+ MR+++ Clar}
 47756 | Shoals:4 | Entered Level 4 of the Shoals
 47778 | Shoals:4 | Reached skill level 10 in Armour
 47778 | Shoals:4 | Noticed Polyphemus
 47821 | Shoals:4 | Killed Polyphemus
 48092 | Shoals:4 | Reached skill level 10 in Evocations
 48124 | Shoals:4 | Got a barnacled rune of Zot
 48531 | Shoals:4 | Identified the cursed +0 ring mail of Disappointment
                  | {rPois}
 49424 | Vaults:1 | Entered Level 1 of the Vaults
 49812 | Vaults:1 | Reached XP level 19. HP: 163/163 MP: 26/26
 50449 | Vaults:1 | Reached skill level 15 in Shields
 50599 | Vaults:1 | Found a runed translucent gate.
 50599 | Vaults:1 | Found a runed translucent gate.
 50599 | Vaults:1 | Found a runed translucent gate.
 51012 | Vaults:1 | Noticed Iqaulep's ghost (adept BaFi)
 51012 | Vaults:1 | Noticed Teseetoimucs's ghost (adept GrMo)
 51012 | Vaults:1 | Noticed Zeatecut's ghost (adept BaFi)
 51022 | Vaults:1 | Killed Teseetoimucs's ghost
 51025 | Vaults:1 | Killed Iqaulep's ghost
 51027 | Vaults:1 | Killed Zeatecut's ghost
 51466 | Vaults:2 | Found Juamud's Antique Weapon Emporium.
 51470 | Vaults:2 | Bought the +8 autumn katana {vorpal, Clar} for 2118 gold
                  | pieces
 51470 | Vaults:2 | Found the +8 autumn katana {vorpal, Clar}
 51765 | Vaults:2 | Found a staircase to the Crypt.
 51995 | Vaults:2 | Gained mutation: Your magical and physical power is
                  | slightly enhanced at high health. [demonic ancestry]
 51995 | Vaults:2 | Reached XP level 20. HP: 172/172 MP: 27/27
 53200 | Vaults:3 | Reached skill level 10 in Dodging
 53364 | Vaults:3 | Noticed Jory
 53373 | Vaults:3 | Killed Jory
 53431 | Vaults:3 | Noticed Saint Roka
 53455 | Vaults:3 | Killed Saint Roka
 53482 | Vaults:3 | Found a portal to a secret trove of treasure.
 54379 | Vaults:3 | You fall into a shaft and drop 1 floor!
 54618 | Vaults:4 | Reached XP level 21. HP: 179/179 MP: 23/29
 55056 | Vaults:4 | Found Xoxul's Antique Weapon Boutique.
 55110 | Vaults:4 | Reached skill level 19 in Fighting
 55269 | Vaults:4 | Found a runed translucent gate.
 55270 | Vaults:4 | Found a runed translucent gate.
 55273 | Vaults:4 | Found a runed translucent gate.
 55302 | Vaults:4 | Identified the +9 morningstar of the Vase {freeze, rC+
                  | Int-5 Dex+3 Stlth+}
 55302 | Vaults:4 | Identified the +2 chain mail of Vexation {Int+6}
 55302 | Vaults:4 | Identified the +0 tower shield of Fiung {+Inv Regen+ Str+4
                  | Dex+3}
 55302 | Vaults:4 | Noticed Umoon's ghost (adept DsFi)
 55356 | Vaults:4 | Identified the ring of Qelafo {Wiz rElec}
 55392 | Vaults:4 | Killed Umoon's ghost
 55412 | Vaults:4 | Found a roughly hewn altar of Beogh.
 56381 | Vaults:3 | You fall into a shaft and drop 1 floor!
 57000 | Vaults:5 | Entered Level 5 of the Vaults
 57041 | Vaults:5 | Gained mutation: You have a moderately thin skeletal
                  | structure. (Dex +4, Stealth+) [demonic ancestry]
 57041 | Vaults:5 | Reached XP level 22. HP: 188/188 MP: 30/30
 57130 | Vaults:5 | Reached skill level 15 in Armour
 57479 | Vaults:5 | Found the +6 shillelagh "Devastator" {shatter}
 57576 | Vaults:5 | Identified the Volume of Confrontation
 57912 | Vaults:5 | Reached XP level 23. HP: 196/196 MP: 32/32
 58020 | Vaults:5 | Got a silver rune of Zot
 58742 | Elf:1    | Entered Level 1 of the Elven Halls
 58958 | Elf:1    | Found a magical portal.
 59258 | WizLab   | Noticed an antique lich
 59260 | WizLab   | Found the +9 sword of Zonguldrok {reap}
 59263 | WizLab   | Killed an antique lich
 59263 | WizLab   | Reached skill level 20 in Fighting
 60145 | Elf:2    | Found Ituwkos's Distillery.
 60199 | Elf:2    | Reached skill level 15 in Dodging
 60388 | Elf:2    | Learned a level 2 spell: Blink
 60533 | Elf:2    | Found a runed translucent gate.
 60533 | Elf:2    | Found a runed translucent gate.
 60535 | Elf:2    | Found a runed translucent gate.
 60891 | Elf:2    | Noticed Agnes
 60895 | Elf:2    | Killed Agnes
 61177 | Elf:3    | Entered Level 3 of the Elven Halls
 61224 | Elf:3    | Learned a level 2 spell: Swiftness
 61231 | Elf:3    | Learned a level 6 spell: Deflect Missiles
 61234 | Elf:3    | Learned a level 2 spell: Song of Slaying
 61240 | Elf:3    | Learned a level 5 spell: Silence
 61571 | Elf:3    | Reached skill level 1 in Translocations
 61682 | Elf:3    | Reached skill level 1 in Air Magic
 61873 | Elf:3    | Identified the +3 ring mail "Juyluix" {rElec rC+ rN+}
 61971 | Elf:3    | Identified the cursed +1 ring mail of Brilliance {+Fly
                  | Str-3 Dex+4}
 61985 | Elf:3    | Identified the amulet "Avoddoh" {Faith rPois rF++ Slay+2}
 61993 | Elf:3    | Gained mutation: Your magical and physical power is
                  | enhanced at high health. [demonic ancestry]
 61993 | Elf:3    | Reached XP level 24. HP: 204/204 MP: 32/32
 62454 | Elf:3    | Identified the +7 trident of Bodily Humours {freeze, rN+
                  | Str+2 Dex+4 Stlth+}
 62454 | Elf:3    | Identified the ring "Quilyakh" {rF+ rN+ Int+3}
 62469 | Elf:3    | Identified the ring "Vigerr" {Wiz Str+2} (You found it on
                  | level 3 of the Elven Halls)
 62847 | Elf:3    | Identified the +5 demon blade of the Rattle-Snake {elec,
                  | *Rage rC++ Int+4} (You acquired it on level 3 of the Elven
                  | Halls)
 63161 | Depths:1 | Entered Level 1 of the Depths
 63466 | Slime:1  | Entered Level 1 of the Pits of Slime
 63545 | Slime:3  | Noticed Dissolution
 63549 | Slime:3  | Killed Dissolution
 63550 | Slime:3  | Gained mutation: Your body sometimes deteriorates upon
                  | taking damage. [a shining eye]
 63553 | Slime:3  | Gained mutation: You are clumsy. (Dex -2) [a shining eye]
 63586 | Slime:5  | Entered Level 5 of the Pits of Slime
 63627 | Slime:5  | Found the +7 pair of quick blades "Gyre" and "Gimble"
                  | {protect}
 63627 | Slime:5  | Found a viscous altar of Jiyva.
 63628 | Slime:5  | Noticed the Royal Jelly
 63630 | Slime:5  | Killed the Royal Jelly
 63662 | Slime:5  | Reached skill level 5 in Charms
 63715 | Slime:5  | Gained mutation: Your body often deteriorates upon taking
                  | damage. [a shining eye]
 63735 | Slime:5  | Gained mutation: Your magical capacity is low. (-10% MP) [a
                  | shining eye]
 63768 | Slime:5  | Identified the Catalogue of Destructive Ice
 63771 | Slime:5  | Got a fine ruby amulet
 63781 | Slime:5  | Identified the cursed +1 chain mail "Xodghur" {rPois rCorr}
                  | (You found it on level 5 of the Pits of Slime)
 63791 | Slime:5  | Identified the amulet of Kuuppev {Faith rF+ MR+} (You found
                  | it on level 5 of the Pits of Slime)
 63840 | Slime:5  | Got a slimy rune of Zot
 64152 | D:11     | Lost mutation: Your body often deteriorates upon taking
                  | damage. [potion of mutation]
 64152 | D:11     | Lost mutation: Your magical capacity is low. (-10% MP)
                  | [potion of mutation]
 64152 | D:11     | Gained mutation: You have an increased reservoir of magic.
                  | (+10% MP) [potion of mutation]
 64152 | D:11     | Gained mutation: Your spells are a little harder to cast,
                  | but a little more powerful. [potion of mutation]
 64152 | D:11     | Gained mutation: You can translocate small distances at
                  | will. [potion of mutation]
 64152 | D:11     | Gained mutation: Your system is resistant to poisons.
                  | (rPois) [potion of mutation]
 65035 | Depths:1 | Found a gateway to a ziggurat.
 65163 | Depths:1 | Found a one-way gate leading to the halls of Pandemonium.
 65378 | Depths:1 | Reached skill level 15 in Stealth
 65454 | Depths:1 | Reached skill level 5 in Spellcasting
 65517 | Depths:1 | Reached skill level 1 in Throwing
 65837 | Depths:1 | Found a gateway to Hell.
 66110 | Depths:2 | Found Kousar Xaje's General Store.
 66116 | Depths:2 | Found Quur's Antique Armour Shop.
 66116 | Depths:2 | Found Rixtik's Food Boutique.
 66120 | Depths:2 | Found Qise's Food Boutique.
 66487 | Depths:2 | Reached skill level 5 in Hexes
 66530 | Depths:2 | Reached skill level 5 in Air Magic
 66547 | Depths:2 | Found the +8 arc blade {discharge, rElec}
 66645 | Depths:2 | Gained mutation: Your magical and physical power is greatly
                  | enhanced at high health. [demonic ancestry]
 66645 | Depths:2 | Reached XP level 25. HP: 211/211 MP: 35/35
 67329 | Depths:3 | Found a glowing silver altar of Zin.
 67607 | Depths:3 | Identified the +1 pair of gloves "Keseaps" {rElec Dex+2}
                  | (You found it on level 3 of the Depths)
 67967 | Depths:3 | Found a hazy altar of Hepliaklqana.
 68321 | Depths:4 | Reached skill level 21 in Fighting
 68563 | Depths:4 | Learned a level 6 spell: Darkness
 68659 | Depths:4 | Learned a level 6 spell: Invisibility
 69107 | Depths:4 | Gained mutation: You have an unnaturally thin skeletal
                  | structure. (Dex +6, Stealth++) [demonic ancestry]
 69107 | Depths:4 | Reached XP level 26. HP: 221/221 MP: 37/37
 69153 | Depths:4 | Found a one-way gate to the infinite horrors of the Abyss.
 69241 | Depths:4 | Identified the amulet "Avaroco" {RegenMP Str+6}
 69313 | Depths:4 | Identified the Disquisition on Cankerous Good Luck
 69371 | Depths:5 | Entered Level 5 of the Depths
 69422 | Depths:5 | Identified the cursed +0 cloak "Geturut" {MR+ Int-5 Dex+9}
                  | (You found it on level 5 of the Depths)
 69493 | Depths:5 | Reached skill level 10 in Air Magic
 69681 | Depths:5 | Noticed Boris
 69683 | Depths:5 | Killed Boris
 69798 | Depths:5 | Found a gate to the Realm of Zot.
 70459 | Vaults:3 | You showed the slimy rune of Zot to enter a treasure trove
 70460 | Trove    | Entered a treasure trove
 70472 | Trove    | Got a vibrating platinum ring
 70474 | Trove    | Got a twitching ivory amulet
 70478 | Trove    | Got a coiled granite ring
 70480 | Trove    | Got a flickering platinum ring
 70483 | Trove    | Got a shimmering copper amulet
 70487 | Trove    | Got a wavering brass ring
 70489 | Trove    | Got a flickering tin amulet
 70521 | Vaults:3 | Identified the amulet "Opnif" {Gourm *Slow rElec rPois}
                  | (You found it in a treasure trove)
 70523 | Vaults:3 | Identified the amulet of the Seer {Faith Str+5} (You found
                  | it in a treasure trove)
 70525 | Vaults:3 | Identified the amulet of Ruucwox {Gourm Str+2 Int+5} (You
                  | found it in a treasure trove)
 70527 | Vaults:3 | Identified the ring of the Marlin {rN+ Str-2 Dex+7 SInv}
                  | (You found it in a treasure trove)
 70528 | Vaults:3 | Identified the ring of Omaku {rF+++ rC- MR+ rCorr Stlth-}
                  | (You found it in a treasure trove)
 70529 | Vaults:3 | Identified the ring "Otuledda" {Int+2 Dex+2} (You found it
                  | in a treasure trove)
 70530 | Vaults:3 | Identified the ring "Put-Me-On" {MR+ Slay+2} (You found it
                  | in a treasure trove)
 70668 | D:15     | Bought a scroll of identify for 24 gold pieces
 70676 | D:15     | Bought a scroll of identify for 24 gold pieces
 70676 | D:15     | Bought a scroll of identify for 24 gold pieces
 71287 | D:12     | Learned a level 2 spell: Sublimation of Blood
 71387 | Crypt:1  | Entered Level 1 of the Crypt
 71417 | Crypt:1  | Noticed Mennas
 71422 | Crypt:1  | Killed Mennas
 71503 | Crypt:1  | Noticed a greater mummy
 71504 | Crypt:1  | Noticed Khufu
 71508 | Crypt:1  | Killed a greater mummy
 71508 | Crypt:1  | Killed Khufu
 71510 | Crypt:1  | Noticed a greater mummy
 71522 | Crypt:1  | Killed a greater mummy
 72550 | Crypt:2  | Reached skill level 5 in Translocations
 72641 | Crypt:2  | Reached skill level 10 in Hexes
 72700 | Crypt:2  | Reached skill level 10 in Charms
 72985 | Crypt:2  | Found a corrupted altar of Lugonu.
 73040 | Crypt:3  | Entered Level 3 of the Crypt
 73172 | Crypt:3  | Reached skill level 1 in Necromancy
 73182 | Crypt:3  | Reached XP level 27. HP: 224/227 MP: 25/38
 73209 | Crypt:3  | Found an ancient bone altar of Kikubaaqudgha.
 73209 | Crypt:3  | Found a basalt altar of Yredelemnul.
 73929 | Crypt:3  | Found the +9 scales of the Dragon King {rPois rF+ rC+ MR+}
 73984 | Crypt:3  | Found a staircase to the Tomb.
 74242 | Tomb:1   | Entered Level 1 of the Tomb of the Ancients
 75479 | Elf:2    | Learned a level 2 spell: Passwall
 75483 | Elf:2    | Learned a level 3 spell: Lesser Beckoning
 75485 | Elf:2    | Learned a level 1 spell: Summon Butterflies
 75518 | Elf:2    | Bought a potion of heal wounds for 60 gold pieces
 75518 | Elf:2    | Bought a potion of mutation for 96 gold pieces
 75518 | Elf:2    | Bought a potion of cancellation for 96 gold pieces
 75518 | Elf:2    | Bought a potion of resistance for 120 gold pieces
 75518 | Elf:2    | Bought 2 potions of might for 96 gold pieces
 75708 | D:15     | Bought a scroll of enchant armour for 90 gold pieces
 75779 | D:15     | Bought a sack of spiders for 320 gold pieces
 75779 | D:15     | Bought a tin of tremorstones for 240 gold pieces
 75847 | D:15     | Bought a sack of spiders for 340 gold pieces
 75847 | D:15     | Bought a box of beasts for 340 gold pieces
 76330 | Tomb:1   | Reached skill level 1 in Summonings
 76330 | Tomb:1   | Reached skill level 5 in Necromancy
 76339 | Tomb:1   | Reached skill level 1 in Transmutations
 76339 | Tomb:1   | Reached skill level 1 in Earth Magic
 76589 | Tomb:2   | Noticed a greater mummy
 76597 | Tomb:2   | Killed a greater mummy
 76667 | Tomb:2   | Noticed a greater mummy
 76671 | Tomb:2   | Killed a greater mummy
 76675 | Tomb:2   | Noticed a greater mummy
 76680 | Tomb:2   | Killed a greater mummy
 76725 | Tomb:2   | Noticed a greater mummy
 76731 | Tomb:2   | Killed a greater mummy
 77086 | Tomb:1   | Noticed a greater mummy
 77089 | Tomb:1   | Killed a greater mummy
 77090 | Tomb:1   | Noticed a greater mummy
 77091 | Tomb:1   | Noticed a greater mummy
 77092 | Tomb:1   | Killed a greater mummy
 77093 | Tomb:1   | Killed a greater mummy
 77095 | Tomb:1   | Noticed a greater mummy
 77098 | Tomb:1   | Killed a greater mummy
 77108 | Tomb:1   | Noticed a greater mummy
 77111 | Tomb:1   | Killed a greater mummy
 77115 | Tomb:1   | Noticed a greater mummy
 77124 | Tomb:1   | Killed a greater mummy
 77124 | Tomb:1   | Reached skill level 10 in Spellcasting
 77126 | Tomb:1   | Noticed a greater mummy
 77126 | Tomb:1   | Noticed a greater mummy
 77130 | Tomb:1   | Killed a greater mummy
 77136 | Tomb:1   | Killed a greater mummy
 77231 | Tomb:1   | Noticed a greater mummy
 77234 | Tomb:1   | Killed a greater mummy
 77234 | Tomb:1   | Noticed a greater mummy
 77241 | Tomb:1   | Killed a greater mummy
 77253 | Tomb:1   | Noticed a greater mummy
 77253 | Tomb:1   | Noticed a greater mummy
 77258 | Tomb:1   | Killed a greater mummy
 77258 | Tomb:1   | Killed a greater mummy
 77280 | Tomb:1   | Lost mutation: Your body sometimes deteriorates upon taking
                  | damage. [potion of mutation]
 77280 | Tomb:1   | Lost mutation: Your spells are a little harder to cast, but
                  | a little more powerful. [potion of mutation]
 77280 | Tomb:1   | Gained mutation: You expend magic power (3 MP) to
                  | strengthen your wands. [potion of mutation]
 77280 | Tomb:1   | Lost mutation: You expend magic power (3 MP) to strengthen
                  | your wands. [potion of mutation]
 77280 | Tomb:1   | Gained mutation: You possess an exceptional clarity of
                  | mind. [potion of mutation]
 77319 | Tomb:1   | Noticed a greater mummy
 77346 | Tomb:1   | Killed a greater mummy
 77423 | Tomb:1   | Noticed a greater mummy
 77424 | Tomb:1   | Noticed a greater mummy
 77426 | Tomb:1   | Killed a greater mummy
 77427 | Tomb:1   | Killed a greater mummy
 77427 | Tomb:1   | Reached skill level 15 in Air Magic
 77427 | Tomb:1   | Noticed a greater mummy
 77427 | Tomb:1   | Noticed a greater mummy
 77428 | Tomb:1   | Killed a greater mummy
 77428 | Tomb:1   | Killed a greater mummy
 77432 | Tomb:1   | Noticed a greater mummy
 77451 | Tomb:1   | Killed a greater mummy
 77586 | Tomb:2   | Identified the +4 spear of Nose {vorpal, +Rage}
 77761 | Tomb:3   | Entered Level 3 of the Tomb of the Ancients
 77838 | Tomb:3   | Noticed a greater mummy
 77850 | Tomb:3   | Identified the Almanac of Earth and Black Rites
 77853 | Tomb:3   | Noticed an ancient lich
 77857 | Tomb:3   | Killed an ancient lich
 77860 | Tomb:3   | Killed a greater mummy
 77862 | Tomb:3   | Noticed a greater mummy
 77864 | Tomb:3   | Killed a greater mummy
 77871 | Tomb:3   | Noticed a greater mummy
 77872 | Tomb:3   | Noticed a greater mummy
 77876 | Tomb:3   | Killed a greater mummy
 77887 | Tomb:3   | Killed a greater mummy
 77887 | Tomb:3   | Noticed a greater mummy
 77891 | Tomb:3   | Killed a greater mummy
 77891 | Tomb:3   | Noticed a greater mummy
 77891 | Tomb:3   | Noticed a greater mummy
 77894 | Tomb:3   | Killed a greater mummy
 77894 | Tomb:3   | Killed a greater mummy
 77919 | Tomb:3   | Noticed a greater mummy
 77924 | Tomb:3   | Killed a greater mummy
 78073 | Tomb:3   | Identified the Handbook of Supportive Dark Secrets
 78141 | Tomb:3   | Got a golden rune of Zot
 78285 | Tomb:3   | Identified the ring "Kaceg" {*Tele Dex+5} (You found it on
                  | level 3 of the Tomb of the Ancients)
 78861 | Hell     | Entered the Vestibule of Hell
 78890 | Hell     | Noticed Geryon
 78898 | Hell     | Noticed an ancient lich
 78898 | Hell     | Noticed Murray
 78900 | Hell     | Killed an ancient lich
 78900 | Hell     | Killed Murray
 78905 | Hell     | Killed Geryon
 79022 | Hell     | Found a gateway to the decaying netherworld of Tartarus.
 79025 | Hell     | Learned a level 1 spell: Apportation
 79030 | Hell     | Learned a level 4 spell: Summon Lightning Spire
 79138 | Hell     | Found a gateway to the freezing wastes of Cocytus.
 79323 | Hell     | Found a gateway to the Iron City of Dis.
 79439 | Hell     | Found a gateway to the ashen valley of Gehenna.
 79578 | Geh:1    | Entered Level 1 of Gehenna
 79675 | Geh:1    | Reached skill level 22 in Fighting
 79863 | Geh:3    | You fall into a shaft and drop 2 floors!
 80274 | Geh:6    | Reached skill level 5 in Summonings
 80479 | Geh:7    | Entered Level 7 of Gehenna
 80496 | Geh:7    | Reached skill level 5 in Earth Magic
 80645 | Geh:7    | Identified the +7 sceptre of Asmodeus
 80645 | Geh:7    | Noticed Asmodeus
 80649 | Geh:7    | Killed Asmodeus
 80662 | Geh:7    | Got an obsidian rune of Zot
 80676 | Geh:7    | Identified the +4 ice dragon scales "Veisaum" {rF- rC++
                  | Dex+6 SInv} (You found it on level 7 of Gehenna)
 80682 | Geh:7    | Identified the amulet of the Townfolk {RegenMP rPois rC+
                  | MP+9 Str+4} (You found it on level 7 of Gehenna)
 80842 | Geh:7    | Gained mutation: You are very clumsy. (Dex -4) [mutagenic
                  | glow]
 80844 | Geh:7    | Found the +4 skin of Zhor {Englaciate rC+++ SInv}
 80971 | Geh:7    | Identified the ring of the Middle {Wiz rF++ MR- Slay+2
                  | Stlth+} (You found it on level 7 of Gehenna)
 81164 | Coc:1    | Entered Level 1 of Cocytus
 81331 | Coc:3    | Found a sparkling altar of Nemelex Xobeh.
 81699 | Coc:6    | You fall into a shaft and drop 1 floor!
 81699 | Coc:7    | Entered Level 7 of Cocytus
 81708 | Coc:7    | Noticed Antaeus
 81754 | Coc:7    | Killed Antaeus
 81777 | Coc:7    | Got an icy rune of Zot
 81918 | Tar:1    | Entered Level 1 of Tartarus
 81959 | Tar:1    | Reached skill level 23 in Fighting
 82102 | Tar:1    | Gained mutation: You are occasionally teleported next to
                  | monsters. [mutagenic glow]
 82193 | Tar:2    | Lost mutation: You are very clumsy. (Dex -4) [mutagenic
                  | glow]
 82459 | Tar:4    | You fall into a shaft and drop 1 floor!
 82753 | Tar:7    | Entered Level 7 of Tartarus
 82808 | Tar:7    | Reached skill level 5 in Transmutations
 82808 | Tar:7    | Noticed the Serpent of Hell
 82809 | Tar:7    | Killed the Serpent of Hell
 82851 | Tar:7    | Identified the ring "Judiemm" {Wiz *Corrode rElec Dex+8
                  | Stlth+} (You found it on level 7 of Tartarus)
 82916 | Tar:7    | Learned a level 5 spell: Borgnjor's Vile Clutch
 83012 | Tar:7    | Noticed Ereshkigal
 83013 | Tar:7    | Killed Ereshkigal
 83013 | Tar:7    | Reached skill level 10 in Necromancy
 83031 | Tar:7    | Got a bone rune of Zot
 83184 | Dis:1    | Entered Level 1 of the Iron City of Dis
 83497 | Dis:4    | You fall into a shaft and drop 1 floor!
 83693 | Dis:7    | Entered Level 7 of the Iron City of Dis
 83948 | Dis:7    | Reached skill level 24 in Fighting
 83987 | Dis:7    | Identified the +4 staff of Dispater
 83987 | Dis:7    | Noticed Dispater
 83989 | Dis:7    | Killed Dispater
 84003 | Dis:7    | Identified the Disquisition on the Volcanoes and the
                  | Mountains
 84009 | Dis:7    | Got an iron rune of Zot
 84024 | Dis:7    | Identified the Volume of Dislocated Conjuration
 84494 | Crypt:1  | Learned a level 4 spell: Leda's Liquefaction
 84723 | Pan      | Entered Pandemonium
 84814 | Pan      | Noticed Joheneb the pandemonium lord
 84824 | Pan      | Killed Joheneb the pandemonium lord
 85117 | Pan      | Noticed Muivadwa the pandemonium lord
 85124 | Pan      | Killed Muivadwa the pandemonium lord
 85146 | Pan      | Reached skill level 15 in Spellcasting
 85200 | Pan      | Entered the realm of Mnoleg.
 85271 | Pan      | Gained mutation: You are dopey. (Int -2) [a neqoxec]
 85413 | Pan      | Noticed Mnoleg
 85415 | Pan      | Killed Mnoleg
 85415 | Pan      | Gained mutation: You are frail. (-10% HP) [a neqoxec]
 85419 | Pan      | Gained mutation: You are very frail. (-20% HP) [a
                  | cacodemon]
 85446 | Pan      | Got a glowing rune of Zot
 85563 | Pan      | Lost mutation: You can translocate small distances at will.
                  | [potion of mutation]
 85563 | Pan      | Lost mutation: You are dopey. (Int -2) [potion of mutation]
 85563 | Pan      | Lost mutation: You are very frail. (-20% HP) [potion of
                  | mutation]
 85563 | Pan      | Gained mutation: Your flesh is heat resistant. (rF+)
                  | [potion of mutation]
 85563 | Pan      | Gained mutation: You expend magic power (3 MP) to
                  | strengthen your wands. [potion of mutation]
 85564 | Pan      | Lost mutation: You are frail. (-10% HP) [potion of
                  | mutation]
 85564 | Pan      | Lost mutation: Your flesh is heat resistant. (rF+) [potion
                  | of mutation]
 85564 | Pan      | Lost mutation: You are clumsy. (Dex -2) [potion of
                  | mutation]
 85564 | Pan      | Lost mutation: You have an increased reservoir of magic.
                  | (+10% MP) [potion of mutation]
 85564 | Pan      | Gained mutation: You have a pair of small horns on your
                  | head. [potion of mutation]
 85564 | Pan      | Gained mutation: Your spells are a little harder to cast,
                  | but a little more powerful. [potion of mutation]
 85564 | Pan      | Gained mutation: You evolve. [potion of mutation]
 85648 | Pan      | Found a glowing golden altar of the Shining One.
 85656 | Pan      | Noticed a seraph
 85657 | Pan      | Identified the cursed -6 buckler of Havonog {Dex+4}
 85660 | Pan      | Killed a seraph
 85700 | Pan      | Got a demonic rune of Zot
 85865 | Pan      | Reached skill level 10 in Earth Magic
 86002 | Pan      | Found a glowing silver altar of Zin.
 86017 | Pan      | Found a white marble altar of Elyvilon.
 86411 | Depths:1 | Escaped Pandemonium
 86839 | Pan      | Entered Pandemonium
 86905 | Pan      | Found an exit through the horrors of the Abyss.
 86915 | Pan      | Reached skill level 25 in Fighting
 87203 | Pan      | Entered the realm of Cerebov.
 87220 | Pan      | Identified the ring "Caothrun" {Wiz *Drain Str+4 Dex+4}
                  | (You found it in Pandemonium)
 87253 | Pan      | Identified the amulet of the Bouncing Lovers {Harm *Corrode
                  | *Drain rC+ Int+2 Stlth+}
 87275 | Pan      | Identified the +6 sword of Cerebov {flame}
 87275 | Pan      | Noticed Cerebov
 87283 | Pan      | Identified the ring "Bemiupen" {EV+2 Int+4 Dex-3}
 87302 | Pan      | Killed Cerebov
 87322 | Pan      | Got a fiery rune of Zot
 87519 | Pan      | Entered the realm of Lom Lobon.
 87742 | Pan      | Noticed Lom Lobon
 87743 | Pan      | Killed Lom Lobon
 87744 | Pan      | Got a magical rune of Zot
 87848 | Pan      | Entered the realm of Gloorx Vloq.
 87867 | Pan      | Found an exit through the horrors of the Abyss.
 88033 | Pan      | Noticed Gloorx Vloq
 88034 | Pan      | Killed Gloorx Vloq
 88073 | Pan      | Got a dark rune of Zot
 88087 | Pan      | Reached skill level 15 in Hexes
 88218 | Pan      | Took an exit into the Abyss.
 88218 | Abyss:1  | Escaped into the Abyss
 88247 | Abyss:1  | Learned a level 4 spell: Passage of Golubria
 88330 | Abyss:3  | Gained mutation: You are frail. (-10% HP) [evolution]
 88538 | Abyss:4  | Identified the amulet "Safeosem" {+Fly rF+ Regen+} (You
                  | acquired it on level 4 of the Abyss)
 88540 | Abyss:4  | Identified the +2 kite shield of Courage {+Fly rC+} (You
                  | acquired it on level 4 of the Abyss)
 88544 | Abyss:4  | Identified Ynenuts's Reference Book on Changing and
                  | Darkness (You acquired it on level 4 of the Abyss)
 88820 | Abyss:4  | Got an abyssal rune of Zot
 88840 | Depths:1 | Escaped the Abyss
 88924 | Zot:1    | Entered Level 1 of the Realm of Zot
 89550 | Tar:7    | Identified the cursed +1 shadow dragon scales "Hytwakh"
                  | {Dex+4 Stlth++++} (You found it on level 7 of Tartarus)
 89576 | Tar:7    | Noticed an ancient lich
 89578 | Tar:7    | Killed an ancient lich
 90067 | Zot:5    | Entered Level 5 of the Realm of Zot
 90181 | Zot:5    | Found a runed translucent gate.
 90182 | Zot:5    | Found a runed translucent gate.
 90183 | Zot:5    | Found a runed translucent gate.
 90192 | Zot:5    | Noticed kazelolz's ghost (legendary MiBe)
 90219 | Zot:5    | Noticed an orb of fire
 90267 | Zot:5    | Killed kazelolz's ghost
 90267 | Zot:5    | Reached skill level 26 in Fighting
 90268 | Zot:5    | Gained mutation: You are weak. (Str -2) [an orb of fire]
 90268 | Zot:5    | Gained mutation: You occasionally shout uncontrollably at
                  | your foes. [an orb of fire]
 90275 | Zot:5    | Killed an orb of fire
 90315 | Zot:5    | Identified the cursed +0 pair of gloves of Defence {rN+
                  | Regen+ Dex-5} (You found it on level 5 of the Realm of Zot)
 90700 | Zot:5    | Noticed an orb of fire
 90710 | Zot:5    | Killed an orb of fire
 90710 | Zot:5    | Reached skill level 15 in Evocations
 90759 | Zot:5    | Noticed an ancient lich
 90769 | Zot:5    | Noticed an ancient lich
 90770 | Zot:5    | Killed an ancient lich
 90779 | Zot:5    | Killed an ancient lich
 90787 | Zot:5    | Noticed an orb of fire
 90787 | Zot:5    | Noticed an orb of fire
 90788 | Zot:5    | Killed an orb of fire
 90791 | Zot:5    | Killed an orb of fire
 90796 | Zot:5    | Noticed an ancient lich
 90797 | Zot:5    | Noticed an ancient lich
 90803 | Zot:5    | Killed an ancient lich
 90804 | Zot:5    | Killed an ancient lich
 90809 | Zot:5    | Noticed an ancient lich
 90810 | Zot:5    | Killed an ancient lich
 90857 | Zot:5    | Noticed an ancient lich
 90858 | Zot:5    | Noticed an orb of fire
 90858 | Zot:5    | Noticed an orb of fire
 90858 | Zot:5    | Noticed an ancient lich
 90859 | Zot:5    | Killed an orb of fire
 90859 | Zot:5    | Killed an ancient lich
 90859 | Zot:5    | Noticed an ancient lich
 90859 | Zot:5    | Noticed an ancient lich
 90859 | Zot:5    | Killed an orb of fire
 90862 | Zot:5    | Killed an ancient lich
 90863 | Zot:5    | Killed an ancient lich
 90864 | Zot:5    | Killed an ancient lich
 90864 | Zot:5    | Noticed an ancient lich
 90866 | Zot:5    | Killed an ancient lich
 90866 | Zot:5    | Reached skill level 27 in Fighting
 90867 | Zot:5    | Noticed an ancient lich
 90868 | Zot:5    | Killed an ancient lich
 90907 | Zot:5    | Noticed an ancient lich
 90917 | Zot:5    | Killed an ancient lich
 91276 | Zot:5    | Lost mutation: You have a pair of small horns on your head.
                  | [potion of mutation]
 91276 | Zot:5    | Lost mutation: You expend magic power (3 MP) to strengthen
                  | your wands. [potion of mutation]
 91276 | Zot:5    | Lost mutation: You are weak. (Str -2) [potion of mutation]
 91276 | Zot:5    | Gained mutation: Your body sometimes deteriorates upon
                  | taking damage. [potion of mutation]
 91276 | Zot:5    | Lost mutation: Your spells are a little harder to cast, but
                  | a little more powerful. [potion of mutation]
 91276 | Zot:5    | Lost mutation: You possess an exceptional clarity of mind.
                  | [potion of mutation]
 91276 | Zot:5    | Gained mutation: Your spells are a little harder to cast,
                  | but a little more powerful. [potion of mutation]
 91277 | Zot:5    | Lost mutation: You are frail. (-10% HP) [potion of
                  | mutation]
 91277 | Zot:5    | Lost mutation: You occasionally shout uncontrollably at
                  | your foes. [potion of mutation]
 91277 | Zot:5    | Lost mutation: Your body sometimes deteriorates upon taking
                  | damage. [potion of mutation]
 91277 | Zot:5    | Gained mutation: You expend magic power (3 MP) to
                  | strengthen your wands. [potion of mutation]
 91277 | Zot:5    | Gained mutation: You have sharp fingernails. [potion of
                  | mutation]
 91277 | Zot:5    | Gained mutation: You have a pair of small horns on your
                  | head. [potion of mutation]
 91278 | Zot:5    | Lost mutation: You have a pair of small horns on your head.
                  | [potion of mutation]
 91278 | Zot:5    | Lost mutation: Your system is resistant to poisons. (rPois)
                  | [potion of mutation]
 91278 | Zot:5    | Lost mutation: You have sharp fingernails. [potion of
                  | mutation]
 91278 | Zot:5    | Lost mutation: You evolve. [potion of mutation]
 91278 | Zot:5    | Gained mutation: You are frail. (-10% HP) [potion of
                  | mutation]
 91278 | Zot:5    | Gained mutation: You tend to lose your temper in combat.
                  | [potion of mutation]
 91278 | Zot:5    | Gained mutation: You have a pair of small horns on your
                  | head. [potion of mutation]
 91279 | Zot:5    | Lost mutation: You tend to lose your temper in combat.
                  | [potion of mutation]
 91279 | Zot:5    | Lost mutation: You are frail. (-10% HP) [potion of
                  | mutation]
 91279 | Zot:5    | Gained mutation: Your system is resistant to poisons.
                  | (rPois) [potion of mutation]
 91279 | Zot:5    | Gained mutation: You passively map a small area around you.
                  | [potion of mutation]
 91279 | Zot:5    | Gained mutation: You are somewhat resistant to further
                  | mutation. [potion of mutation]
 91280 | Zot:5    | Lost mutation: You expend magic power (3 MP) to strengthen
                  | your wands. [potion of mutation]
 91280 | Zot:5    | Lost mutation: You have a pair of small horns on your head.
                  | [potion of mutation]
 91280 | Zot:5    | Lost mutation: Your system is resistant to poisons. (rPois)
                  | [potion of mutation]
 91297 | Zot:5    | Got the Orb of Zot
 91553 | D:12     | Noticed Ofoagoerch the pandemonium lord
 91556 | D:12     | Killed Ofoagoerch the pandemonium lord
 91794 | D:$      | Escaped with the Orb!

Levels and vault maps discovered:
D:1:      saegor_arrival_miasma, layout_rooms
D:2:      layout_loops_ring, lemuel_coloured_pillars_altar,
          nicolae_ru_awakened_eye, dancing_weapons_uskayaw, first_ration,
          nicolae_underground_beach
D:3:      layout_basic, gammafunk_temple_overflow_elements, st_stairs_1
D:4:      layout_loops_ring, kennysheep_little_box,
          minmay_temple_entry_poolview, tgw_sif
D:5:      layout_rooms, serial_bayou_lagoon_a, nicolae_sextant,
          minmay_shop_mass, minmay_strange_pillars, fedhas_ov_isle_minmay,
          uniq_eustachio, uniq_edmund, uniq_duvessa
D:6:      layout_cave_pods, grunt_temple_overflow_opulence, uniq_blork_the_orc
D:7:      layout_basic, old_standard_altar, serial_shops, shop, grunt_livestock,
          uniq_maggie, uniq_joseph, uniq_harold
D:8:      minmay_chambers_of_sixes, layout_loops_ring,
          overflow_temple_1_default, tgw_trog,
          nicolae_dithmenos_through_a_glass_darkly, kennysheep_crisscross,
          kennysheep_small_circle
D:9:      layout_rooms, zin_treasury, gammafunk_ghost_necromancy,
          minmay_stone_trees_small, uniq_pikel
D:10:     layout_long_grid, david_orc_5, lemuel_statue_altar, uniq_maurice
D:11:     layout_cave_pools, dpeg_oklobed_lair, serial_rivers,
          chequers_serial_rivers_micro_b, chequers_serial_rivers_marsh,
          chequers_serial_rivers_small_3, chequers_serial_rivers_marsh,
          chequers_serial_rivers_small_b, uniq_snorg, uniq_josephine
D:12:     lemuel_castle_with_subvaults [lemuel_castle_interior_carwin_3],
          layout_stronghold, enter_bailey_3
D:13:     layout_basic, lightli_vaults_fourway_checkpoint
D:14:     layout_loops_ring, serial_shops, nicolae_shop_waterfront,
          kennysheep_generic_room_9
D:15:     hangedman_depths_entry_civil_slaughter, layout_grid_maze,
          minmay_misc_feat_five, serial_shops, shop, nicolae_shop_stone, shop,
          nicolae_shop_trees
Lair:1:   layout_cave_pods, gauntlet_entry_generic, grunt_megastairs_1,
          serial_bayou_shore_a
Lair:2:   regret_index_harrowing_hell_hive, layout_regular_city, serial_forest,
          infiniplex_forest_straight_5, infiniplex_forest_end_double,
          infiniplex_forest_corner_1, infiniplex_forest_clump_long,
          infiniplex_forest_zigzag_1, infiniplex_forest_lined_corner,
          minmay_another_anthill, uniq_erica
Lair:3:   layout_loops_ring, minmay_snake_entry_six_corridors,
          serial_bayou_pond_b, infiniplex_staircase_pool
Lair:4:   layout_cave_pods, minmay_shoals_entry_hut, special_room
          [special_room_bee], hangedman_lair_generics_rect, uniq_rupert
Lair:5:   layout_cave_pods, slime_altar_2
Lair:6:   hangedman_lair_in_review, layout_cave_pods
Shoals:1: layout_shoals, ldierk_geyser, lightli_airlock
Shoals:2: layout_shoals, nicolae_shoals_kraken_party, uniq_ilsuiw
Shoals:3: layout_shoals, uniq_jorgrun
Shoals:4: shoals_end_simple, layout_shoals, shoals_ilsuiw_alternative,
          uniq_polyphemus
Snake:1:  layout_chambers
Snake:2:  layout_onion, serial_shops, shop_statue, grunt_ministairs_11,
          serial_bayou_ford_a, serial_bayou_shore_b, grunt_megastairs_4,
          uniq_roxanne
Snake:3:  layout_honeycomb
Snake:4:  minmay_snake_end_coiled, layout_onion_interference,
          portal_ice_cave_entry_pillars_three, ebering_ghost_xom,
          minmay_shop_grove
Slime:1:  cheibrodos_slime_lost_civilization_10, layout_caves
Slime:2:  cheibrodos_slime_lost_civilization_8, layout_caves,
          nicolae_slime_phagocytosis
Slime:3:  layout_caves, uniq_dissolution
Slime:4:  layout_caves
Slime:5
Orc:1:    layout_caves, gammafunk_ghost_stat_death, uniq_sonja
Orc:2:    st_orc_town, layout_caves, serial_shops, nicolae_shop_waterfront,
          shop, nicolae_shop_temple_entry_statues_fountains,
          nicolae_orc_pool_cavern
Elf:1:    minmay_elf_arrival_circle, layout_gridlike,
          infiniplex_enter_wizlab_water, minmay_elf_crystal_heptagon
Elf:2:    layout_geoelf_octagon, serial_shops, nicolae_shop_waterfront,
          minmay_fountain_box, minivault_16, uniq_agnes
Elf:3:    elf_hall_gauntlet_narrow, layout_geoelf_diagonals
Vaults:1: gammafunk_vaults_ghost_cemetery, ontoclasm_vaults_chip,
          vaults_room_grunt_arrival_ludios, nicolae_vaults_angled_halls,
          nicolae_vaults_network_star, nicolae_vaults_what_the_h,
          v_alt_pattern_4, hangedman_vaults_hat, grunt_vaults_focal,
          hangedman_vaults_slice, layout_vaults_omnibox
Vaults:2: hangedman_vaults_impose, hangedman_vaults_nodes,
          vaults_mumra_bighexcomb, vaults_mumra_chevron,
          hangedman_vaults_restitches, v_alt_pattern_5,
          minmay_crypt_entry_simple_box, vaults_room_corners, v_misc_3,
          nicolae_vaults_diagonal_hallway_8, vaults_room_hallway, v_misc_18,
          ontoclasm_vaults_twist, nicolae_vaults_asterisk,
          layout_vaults_omnicross, serial_shops, nicolae_shop_stone
Vaults:3: vaults_mumra_minichess_inversion, nicolae_vaults_circle_grid_a,
          hangedman_vaults_river_flow, vaults_dpeg_ring, v_misc_10,
          nicolae_vaults_gold_heap, vaults_room_pool, v_alt_pattern_1,
          layout_vaults_omnigrid, nicolae_trove_entry_free_sample, uniq_jory,
          uniq_saint_roka, uniq_margery
Vaults:4: biasface_vaults_ghost_orc_armoury, vaults_dpeg_diagonal,
          st_hourglassy, vaults_standard_mumra_enter_the_diamond,
          nicolae_vaults_little_squares_1, nicolae_vaults_ring_of_whatevers,
          nicolae_vaults_circle_grid_a, nicolae_vaults_ninety_degrees,
          vaults_mumra_hex, hangedman_vaults_impose, dpeg_vaults_monster_box,
          nicolae_vaults_mini_display_case, layout_vaults_big_room,
          serial_shops, shop
Vaults:5: serial_shops
Crypt:1:  layout_misc_corridors, uniq_mennas, uniq_khufu
Crypt:2:  layout_chaotic_city, lemuel_hellish_altar
Crypt:3:  lightli_unholy_cathedral, layout_chaotic_city,
          tomb_entry_forgotten_bobbens
Tomb:1
Tomb:2
Tomb:3
Depths:1: layout_long_grid, enter_ziggurat_f, serial_sigils_hangedman_clutch,
          grunt_pan_entry_zigzag, hell_entry, minmay_tree_intersection,
          chequers_serial_rivers_micro_b, kennysheep_dice
Depths:2: minmay_shoctagon, layout_gridlike, hell_entry,
          kennysheep_pointless_box, minmay_shoptagon
Depths:3: minmay_the_grid_octo_tiled_squarecenter [minmay_the_grid_octo_clover,
          minmay_the_grid_octo_horde, minmay_the_grid_octo_fan_narrow,
          minmay_the_grid_octo_vomiting_pacman,
          minmay_the_grid_square_5x5_megaprize_hollow,
          minmay_the_grid_square_5x5_bridge, minmay_the_grid_square_5x5_v,
          minmay_the_grid_square_5x5_fat_x,
          minmay_the_grid_square_5x5_tri_point], layout_cave_pools, pan_entry,
          hell_entry, solitary_fountain
Depths:4: hangedman_pleasuredromes, abyss_entry, hell_entry
Depths:5: grunt_zot_entry_tricorne, layout_basic, abyss_entry,
          serial_sigils_hangedman_leer, hell_entry, uniq_boris
Hell
Dis:1:    layout_gridville
Dis:2:    layout_gridville
Dis:3:    layout_subdivisions
Dis:4:    layout_gridville, hangedman_player_shredder
Dis:5:    layout_chaotic_city, grunt_megastairs_3
Dis:6:    layout_regular_city, nrook_loot_triangle
Dis:7:    dis_st
Geh:1:    layout_gehenna_pools_triple
Geh:2:    layout_gehenna_lava_caves
Geh:3:    layout_gehenna_lava_caves
Geh:5:    layout_gehenna_lava_caves, hangedman_elemental_grid_stream
Geh:6:    layout_gehenna_lava_caves
Geh:7:    geh_grunt_pentagon
Coc:1:    layout_ice_bergs, serial_ice
Coc:2:    layout_cocytus_water_paths, serial_ice
Coc:3:    layout_cocytus_water_paths, hangedman_feature_mirror,
          hangedman_feature_mirror
Coc:4:    layout_cocytus_water_paths
Coc:5:    layout_ice_bergs
Coc:6:    layout_cocytus_water_paths
Coc:7:    coc_dpeg
Tar:1:    layout_grid_maze
Tar:2:    layout_grid_maze, lemuel_elevator
Tar:3:    layout_grid_maze
Tar:4:    layout_catacombs
Tar:5:    layout_grid_maze, lemuel_nasty_fountain
Tar:6:    layout_catacombs
Tar:7:    tar_old
Zot:1:    layout_basic
Zot:2:    layout_misc_corridors, zot_minivault_2
Zot:3:    layout_misc_corridors, st_small_dragon_hoard_4
Zot:4:    layout_misc_corridors
Zot:5:    layout_gridlike, gammafunk_ghost_tricky_traps, st_stairs_9

Skill      XL: |  1  2  3  4  5  6  7  8  9 10 11 12 13 14 15 16 17 18 19 20 21 22 23 24 25 26 27 |
---------------+----------------------------------------------------------------------------------+-----
Short Blades   | 2 3 4 5 7 8 9 |  9.7
Fighting       | 3 4 5 6 7 8 10 11 12 13 15 16 17 18 19 20 21 27 | 27.0
Stealth        | 1 2 3 4 5 7 8 9 10 11 12 13 14 15 18 24 | 24.9
Dodging        | 2 3 4 5 6 7 9 11 12 14 15 16 21 | 21.0
Evocations     | 1 2 4 5 6 7 8 10 11 12 15 | 15.0
Armour         | 2 4 6 8 9 10 11 13 14 15 16 20 | 20.0
Hexes          | 2 5 7 10 15 | 15.5
Charms         | 3 6 8 10 11 | 11.5
Shields        | 2 5 7 9 10 11 14 15 | 15.0
Long Blades    | 2 7 10 12 14 15 | 15.1
Translocations | 1 3 5 9 |  9.0
Air Magic      | 1 5 9 12 16 | 16.0
Spellcasting   | 5 7 8 15 | 15.0
Throwing       | 2 4 |  4.0
Necromancy     | 2 12 | 12.5
Summonings     | 5 |  5.0
Transmutations | 9 |  9.0
Earth Magic    | 10 | 10.0

Action                   |  1- 3 |  4- 6 |  7- 9 | 10-12 | 13-15 | 16-18 | 19-21 | 22-24 | 25-27 || total
-------------------------+-------+-------+-------+-------+-------+-------+-------+-------+-------++-------
Melee: Short sword       |   104 |   121 |   221 |    90 |       |       |       |       |       ||   536
       Kick              |    11 |    30 |    45 |       |       |   647 |  1100 |   902 |  3526 ||  6261
       Dagger            |       |       |   232 |  1247 |    45 |    47 |       |       |       ||  1571
       Rapier            |       |       |       |    34 |       |       |       |       |    72 ||   106
       Great sword       |       |       |       |   101 |       |       |       |       |       ||   101
       Double sword      |       |       |       |    32 |  2260 |  1260 |       |       |       ||  3552
       Scimitar          |       |       |       |       |    32 |       |       |       |       ||    32
       War axe           |       |       |       |       |     2 |       |       |       |       ||     2
       Quick blade       |       |       |       |       |       |  1651 |  3223 |  1829 |    73 ||  6776
       Katana            |       |       |       |       |       |       |   132 |   102 |    20 ||   254
       Pair of quick bla |       |       |       |       |       |       |       |   290 |  6575 ||  6865
       Headbutt          |       |       |       |       |       |       |       |       |   574 ||   574
 Fire: Shortbow          |       |       |       |     2 |       |       |       |       |       ||     2
Throw: Javelin           |     2 |     1 |       |       |       |       |       |       |       ||     3
       Stone             |     2 |       |     3 |       |       |       |       |       |       ||     5
       Boomerang         |       |     4 |       |       |    15 |       |       |       |       ||    19
       Dart              |       |       |     6 |    11 |    27 |     1 |       |       |       ||    45
       Throwing net      |       |       |     1 |     8 |       |       |     3 |     2 |     7 ||    21
 Cast: Infusion          |    16 |     9 |    15 |       |       |       |       |       |       ||    40
       Shroud of Golubri |     4 |     7 |    10 |     1 |       |       |       |       |       ||    22
       Spectral Weapon   |       |       |     3 |       |       |       |       |     1 |       ||     4
       Deflect Missiles  |       |       |       |       |       |       |       |       |     3 ||     3
       Darkness          |       |       |       |       |       |       |       |       |    39 ||    39
       Blink             |       |       |       |       |       |       |       |       |    24 ||    24
       Invisibility      |       |       |       |       |       |       |       |       |     8 ||     8
       Borgnjor's Vile C |       |       |       |       |       |       |       |       |     3 ||     3
       Leda's Liquefacti |       |       |       |       |       |       |       |       |     2 ||     2
       Summon Lightning  |       |       |       |       |       |       |       |       |     2 ||     2
       Apportation       |       |       |       |       |       |       |       |       |     1 ||     1
       Passwall          |       |       |       |       |       |       |       |       |     1 ||     1
       Song of Slaying   |       |       |       |       |       |       |       |       |     1 ||     1
Invok: Lunge             |       |     9 |    41 |    73 |   140 |   164 |   125 |   128 |   574 ||  1254
       Whirlwind         |       |       |    50 |    82 |   448 |   593 |   734 |   347 |  1712 ||  3966
       Serpent's Lash    |       |       |       |     2 |    12 |    14 |    11 |     6 |    69 ||   114
       Heavenly Storm    |       |       |       |       |     1 |     1 |     2 |       |    10 ||    14
 Abil: Evoke Invisibilit |       |       |       |       |       |     2 |       |       |       ||     2
       Wall Jump         |       |       |       |       |       |     2 |     2 |     4 |     5 ||    13
Evoke: Wand              |       |     5 |    15 |    38 |     5 |    12 |     3 |     1 |    21 ||   100
       Tin of tremorston |       |       |       |       |       |       |       |     2 |       ||     2
       Lamp of fire      |       |       |       |       |       |       |       |     1 |       ||     1
       Fan of gales      |       |       |       |       |       |       |       |       |     1 ||     1
  Use: Scroll            |     6 |     4 |     6 |    15 |    13 |    11 |     2 |    10 |    52 ||   119
       Potion            |       |       |     1 |     6 |       |     2 |     1 |     1 |    34 ||    45
 Stab: Sleeping          |     1 |     7 |    16 |    25 |    71 |    82 |    50 |    72 |   340 ||   664
       Distracted        |     1 |       |     1 |     4 |    16 |     5 |     4 |    16 |    72 ||   119
       Held in net/web   |       |       |       |     1 |       |       |     4 |     5 |    18 ||    28
       Invisible         |       |       |       |       |       |     9 |       |       |    26 ||    35
  Eat: Chunk             |     5 |     9 |    26 |    31 |    38 |    33 |    21 |    18 |     9 ||   190
       Ration            |       |       |       |     1 |     3 |     6 |     3 |     5 |    31 ||    49
Armor: Leather armour    |    24 |    12 |    95 |    20 |       |       |       |       |       ||   151
       Ring mail         |       |    13 |       |       |       |       |       |       |       ||    13
       Chain mail        |       |       |       |   518 |   469 |   509 |   244 |   151 |       ||  1891
       Fire dragon scale |       |       |       |    93 |   545 |       |       |       |       ||   638
       Skin              |       |       |       |    21 |       |     4 |       |       |       ||    25
       Troll leather arm |       |       |       |       |       |       |       |    28 |   420 ||   448
       Pearl dragon scal |       |       |       |       |       |       |       |       |   160 ||   160
Dodge: Dodged            |    49 |    48 |   171 |   366 |   762 |   478 |   324 |   276 |  1908 ||  4382
       Deflected         |       |       |       |       |       |       |       |       |    54 ||    54
Block: Kite shield       |       |       |       |       |   928 |  1157 |   745 |   406 |       ||  3236
       Rpst.: Double sword |       |       |       |    14 |   205 |    47 |       |       |       ||   266
       Great sword       |       |       |       |     8 |       |       |       |       |       ||     8
       Scimitar          |       |       |       |       |     2 |       |       |       |       ||     2
       Katana            |       |       |       |       |       |       |     3 |     3 |       ||     6

Table legend:
 A = Non-vault XP
 B = Vault XP
 C = Vault XP percentage of total XP
 D = Non-vault monster count
 E = Vault monster count
 F = Vault count percentage of total count
                 A         B        C        D         E       F
            +---------+---------+-------+---------+---------+-------
      Total | 1422951 | 1871136 |  56.8 |    2520 |    1689 |  40.1
            +---------+---------+-------+---------+---------+-------
        D:1 |      33 |       0 |   0.0 |      19 |       0 |   0.0
        D:2 |      57 |       0 |   0.0 |      19 |       0 |   0.0
        D:3 |      90 |       7 |   7.2 |      13 |       2 |  13.3
        D:4 |     789 |     319 |  28.8 |      30 |       3 |   9.1
        D:5 |     512 |     307 |  37.5 |      24 |       2 |   7.7
        D:6 |    1277 |      90 |   6.6 |      24 |       1 |   4.0
        D:7 |    1341 |    2876 |  68.2 |      32 |       8 |  20.0
        D:8 |    2105 |    1834 |  46.6 |      28 |      11 |  28.2
        D:9 |    1469 |     586 |  28.5 |      22 |       1 |   4.3
       D:10 |    5688 |    1852 |  24.6 |      38 |      26 |  40.6
       D:11 |    3436 |    2915 |  45.9 |      20 |       5 |  20.0
       D:12 |    9280 |    3947 |  29.8 |      39 |      56 |  58.9
       D:13 |    7879 |    5735 |  42.1 |      49 |      12 |  19.7
       D:14 |    6869 |       0 |   0.0 |      24 |       0 |   0.0
       D:15 |   13381 |    3129 |  19.0 |      46 |       6 |  11.5
     Lair:1 |    3374 |       0 |   0.0 |      21 |       0 |   0.0
     Lair:2 |    8110 |    6395 |  44.1 |      34 |      62 |  64.6
     Lair:3 |    1446 |    1921 |  57.1 |       8 |      16 |  66.7
     Lair:4 |    3391 |    8351 |  71.1 |       8 |      34 |  81.0
     Lair:5 |    8299 |    2561 |  23.6 |      24 |       1 |   4.0
     Lair:6 |    8581 |   10514 |  55.1 |      32 |      21 |  39.6
   Shoals:1 |   12615 |       0 |   0.0 |      23 |       0 |   0.0
   Shoals:2 |   14724 |   14993 |  50.5 |      31 |       9 |  22.5
   Shoals:3 |   16954 |    5285 |  23.8 |      38 |       4 |   9.5
   Shoals:4 |   12912 |   25743 |  66.6 |      22 |      37 |  62.7
    Snake:1 |    3277 |       0 |   0.0 |       6 |       0 |   0.0
    Snake:2 |   20176 |    4456 |  18.1 |      43 |       5 |  10.4
    Snake:3 |   14788 |       0 |   0.0 |      33 |       0 |   0.0
    Snake:4 |   11307 |   23634 |  67.6 |      23 |      43 |  65.2
    Slime:1 |    3461 |       0 |   0.0 |       5 |       0 |   0.0
    Slime:2 |    9505 |       0 |   0.0 |      11 |       0 |   0.0
    Slime:3 |     655 |   14468 |  95.7 |       2 |       1 |  33.3
    Slime:4 |    1143 |       0 |   0.0 |       2 |       0 |   0.0
    Slime:5 |    1810 |   31252 |  94.5 |       4 |      12 |  75.0
      Orc:1 |    8370 |     196 |   2.3 |      58 |       1 |   1.7
      Orc:2 |    2913 |    9435 |  76.4 |      32 |      62 |  66.0
      Elf:1 |   18378 |   13570 |  42.5 |      28 |      18 |  39.1
      Elf:2 |   16746 |   27525 |  62.2 |      24 |      34 |  58.6
      Elf:3 |   12746 |   38595 |  75.2 |      22 |      27 |  55.1
   Vaults:1 |   26274 |   43778 |  62.5 |      54 |      56 |  50.9
   Vaults:2 |   49935 |   30713 |  38.1 |      65 |      56 |  46.3
   Vaults:3 |   52165 |   22496 |  30.1 |      73 |      38 |  34.2
   Vaults:4 |   44119 |   46471 |  51.3 |      58 |      63 |  52.1
   Vaults:5 |   62503 |  132401 |  67.9 |      71 |      94 |  57.0
    Crypt:1 |   17734 |   28332 |  61.5 |      41 |       5 |  10.9
    Crypt:2 |   15954 |    3493 |  18.0 |      24 |      13 |  35.1
    Crypt:3 |   16986 |   45112 |  72.6 |      27 |      36 |  57.1
     Tomb:1 |    9001 |  147887 |  94.3 |      23 |      52 |  69.3
     Tomb:2 |    7626 |   53709 |  87.6 |      31 |      52 |  62.7
     Tomb:3 |   22801 |   86613 |  79.2 |      40 |      59 |  59.6
   Depths:1 |   27866 |    7514 |  21.2 |      43 |      15 |  25.9
   Depths:2 |   42850 |    2654 |   5.8 |      61 |       6 |   9.0
   Depths:3 |   55797 |   25962 |  31.8 |      67 |      24 |  26.4
   Depths:4 |     261 |  102017 |  99.7 |       1 |      93 |  98.9
   Depths:5 |   20063 |   27506 |  57.8 |      17 |      16 |  48.5
       Hell |   31157 |   33076 |  51.5 |      42 |      40 |  48.8
      Dis:1 |    2349 |       0 |   0.0 |       9 |       0 |   0.0
      Dis:2 |   11049 |       0 |   0.0 |       9 |       0 |   0.0
      Dis:3 |    1418 |       0 |   0.0 |       7 |       0 |   0.0
      Dis:4 |   13027 |       0 |   0.0 |      11 |       0 |   0.0
      Dis:5 |    2069 |    1076 |  34.2 |       4 |       2 |  33.3
      Dis:6 |   12358 |       0 |   0.0 |      18 |       0 |   0.0
      Dis:7 |   41257 |   69299 |  62.7 |      55 |      43 |  43.9
      Geh:1 |    7786 |       0 |   0.0 |      24 |       0 |   0.0
      Geh:2 |     786 |       0 |   0.0 |       6 |       0 |   0.0
      Geh:3 |    7642 |       0 |   0.0 |      35 |       0 |   0.0
      Geh:5 |   15997 |    5184 |  24.5 |      31 |       6 |  16.2
      Geh:6 |   20178 |       0 |   0.0 |      54 |       0 |   0.0
      Geh:7 |   19520 |   55237 |  73.9 |      25 |      37 |  59.7
      Coc:1 |    5554 |       0 |   0.0 |      10 |       0 |   0.0
      Coc:2 |   14976 |       0 |   0.0 |      13 |       0 |   0.0
      Coc:3 |     155 |       0 |   0.0 |       1 |       0 |   0.0
      Coc:4 |    7180 |       0 |   0.0 |       9 |       0 |   0.0
      Coc:5 |   18448 |       0 |   0.0 |      32 |       0 |   0.0
      Coc:6 |   19332 |       0 |   0.0 |      11 |       0 |   0.0
      Coc:7 |   13618 |   32301 |  70.3 |      17 |       9 |  34.6
      Tar:1 |   33031 |       0 |   0.0 |      31 |       0 |   0.0
      Tar:2 |   24952 |      11 |   0.0 |      37 |       1 |   2.6
      Tar:4 |   10293 |       0 |   0.0 |      17 |       0 |   0.0
      Tar:5 |    6610 |       0 |   0.0 |      14 |       0 |   0.0
      Tar:6 |   26431 |       0 |   0.0 |      31 |       0 |   0.0
      Tar:7 |   47810 |   69112 |  59.1 |      48 |      29 |  37.7
      Zot:1 |   33311 |       0 |   0.0 |      19 |       0 |   0.0
      Zot:2 |    2046 |       0 |   0.0 |       1 |       0 |   0.0
      Zot:3 |    2686 |       0 |   0.0 |       4 |       0 |   0.0
      Zot:4 |    8180 |       0 |   0.0 |       5 |       0 |   0.0
      Zot:5 |   69851 |  251840 |  78.3 |      29 |      62 |  68.1
    Abyss:1 |     598 |       0 |   0.0 |       3 |       0 |   0.0
    Abyss:2 |     166 |       0 |   0.0 |       1 |       0 |   0.0
    Abyss:4 |   22217 |   17736 |  44.4 |      42 |      15 |  26.3
        Pan |  116872 |  246004 |  67.8 |     133 |     151 |  53.2
     Bailey |       0 |    1979 | 100.0 |       0 |      27 | 100.0
      IceCv |       0 |    9778 | 100.0 |       0 |      50 | 100.0
     WizLab |   10219 |    5249 |  33.9 |      25 |       5 |  16.7
   Gauntlet |       0 |    4105 | 100.0 |       0 |      14 | 100.0
            +---------+---------+-------+---------+---------+-------
